Workbook

Sheet Ing-Diciembre
B2: E.S.E METROSALUD
B4: EJECUCION PRESUPUESTAL DE INGRESOS | D4: EJECUCION PRESUPUESTAL DE GASTOS
B6: 31 DE DICIEMBRE DE 2023
B9: Rubro | C9: Detalle Rubro | D9: Presupuesto Inicial | E9: Modificaciones | J9: Presupuesto Definitivo | K9: Cuentas por Cobrar | L9: Recaudo | O9: Reconocido | Q9: Saldo por Recaudar | R9: % Ejecucion
E10: Adiciones | F10: Reduc-ciones | G10: - Débitos | H10: + Créditos | I10: Total Modifi-caciones | K10: Valor | L10: Recaudo | M10: % Ppto Def | N10: % Facturado | O10: Facturación | P10: % | Q10: Valor | R10: %
B11: 1 | C11: INGRESOS | D11: =+D12+D13+D68 -> 369615960685 | E11: =+E12+E13+E68 -> 131431718936 | F11: =+F12+F13+F68 -> 0 | G11: =+G12+G13+G68 -> 0 | H11: =+H12+H13+H68 -> 0 | I11: =+I12+I13+I68 -> 131431718936 | J11: =+J12+J13+J68 -> 501047679621 | K11: =+K12+K13+K68 -> 60342103520 | L11: =+L12+L13+L68 -> 4.2062407e+11 | M11: =+L11/J11 -> 0.83948911 | N11: =+L11/O11 -> 0.88745081 | O11: =+O12+O13+O68 -> 4.7396889e+11 | P11: =+O11/J11 -> 0.94595565 | Q11: =+Q12+Q13+Q68 -> 8.0423609e+10 | R11: =+Q11/J11 -> 0.16051089
B12: 1.0 | C12: Disponibilidad Inicial | D12: 16000000000 | E12: 5628956301 | I12: 5628956301 | J12: 21628956301 | L12: 21628956301 | M12: =+L12/J12 -> 1 | N12: =+L12/O12 -> 1 | O12: 21628956301 | P12: =+O12/J12 -> 1 | Q12: =+J12-L12 -> 0 | R12: =+Q12/J12 -> 0
B13: 1.1 | C13: Ingresos Corrientes | D13: =+D14 -> 338414426395 | E13: =+E14 -> 125802762635 | F13: =+F14 -> 0 | G13: =+G14 -> 0 | H13: =+H14 -> 0 | I13: =+I14 -> 125802762635 | J13: =+J14 -> 464217189030 | K13: =+K14 -> 59800326017 | L13: =+L14 -> 386923768909 | M13: =+L13/J13 -> 0.83349729 | N13: =+L13/O13 -> 0.87883574 | O13: =+O14 -> 440268583916 | P13: =+O13/J13 -> 0.94841077 | Q13: =+Q14 -> 77293420121 | R13: =+Q13/J13 -> 0.16650271
B14: 1.1.02 | C14: Ingresos no tributarios | D14: =+D15+D20+D62 -> 338414426395 | E14: =+E15+E20+E62 -> 125802762635 | F14: =+F15+F20+F62 -> 0 | G14: =+G15+G20+G62 -> 0 | H14: =+H15+H20+H62 -> 0 | I14: =+I15+I20+I62 -> 125802762635 | J14: =+J15+J20+J62 -> 464217189030 | K14: =+K15+K20+K62 -> 59800326017 | L14: =+L15+L20+L62 -> 386923768909 | M14: =+L14/J14 -> 0.83349729 | N14: =+L14/O14 -> 0.87883574 | O14: =+O15+O20+O62 -> 440268583916 | P14: =+O14/J14 -> 0.94841077 | Q14: =+Q15+Q20+Q62 -> 77293420121 | R14: =+Q14/J14 -> 0.16650271
B15: 1.1.02.03 | C15: Multas sanciones e intereses de mora | D15: =+D16 -> 0 | E15: =+E16 -> 0 | F15: =+F16 -> 0 | G15: =+G16 -> 0 | H15: =+H16 -> 0 | I15: =+I16 -> 0 | J15: =+J16 -> 0 | K15: =+K16 -> 0 | L15: =+L16 -> 12450439 | M15: 1 | N15: =+L15/O15 -> 1 | O15: =+O16 -> 12450439 | P15: 1 | Q15: =+Q16 -> -12450439 | R15: 0
B16: 1.1.02.03.001 | C16: Multas y sanciones | D16: =+SUM(D17:D19) -> 0 | E16: =+SUM(E17:E19) -> 0 | F16: =+SUM(F17:F19) -> 0 | G16: =+SUM(G17:G19) -> 0 | H16: =+SUM(H17:H19) -> 0 | I16: =+SUM(I17:I19) -> 0 | J16: =+SUM(J17:J19) -> 0 | K16: =+SUM(K17:K19) -> 0 | L16: =+SUM(L17:L19) -> 12450439 | M16: 1 | N16: =+L16/O16 -> 1 | O16: =+SUM(O17:O19) -> 12450439 | P16: 1 | Q16: =+SUM(Q17:Q19) -> -12450439 | R16: 0
B17: 1.1.02.03.001.03 | C17: Sanciones disciplinarias | I17: 0 | J17: 0 | L17: 12450439 | M17: 1 | N17: =+L17/O17 -> 1 | O17: 12450439 | P17: 1 | Q17: =+J17-L17 -> -12450439 | R17: 0
B18: 1.1.02.03.001.04 | C18: Sanciones contractuales | I18: 0 | J18: 0 | M18: 0 | N18: 0 | O18: 0 | P18: 0 | Q18: =+J18-L18 -> 0 | R18: 0
B19: 1.1.02.03.001.05 | C19: Sanciones administrativas | I19: 0 | J19: 0 | M19: 0 | N19: 0 | O19: 0 | P19: 0 | Q19: =+J19-L19 -> 0 | R19: 0
B20: 1.1.02.05 | C20: Venta de bienes y servicio | D20: =+D21+D59 -> 328414426395 | E20: =+E21+E59 -> 103070951412 | F20: =+F21+F59 -> 0 | G20: =+G21+G59 -> 0 | H20: =+H21+H59 -> 0 | I20: =+I21+I59 -> 103070951412 | J20: =+J21+J59 -> 431485377807 | K20: =+K21+K59 -> 59800326017 | L20: =+L21+L59 -> 365432430130 | M20: =+L20/J20 -> 0.8469173 | N20: =+L20/O20 -> 0.87261768 | O20: =+O21+O59 -> 418777245137 | P20: =+O20/J20 -> 0.97054794 | Q20: =+Q21+Q59 -> 66052947677 | R20: =+Q20/J20 -> 0.1530827
B21: 1.1.02.05.001 | C21: Venta de establecimientos | D21: =+D22 -> 323996851073 | E21: =+E22 -> 103070951412 | F21: =+F22 -> 0 | G21: =+G22 -> 0 | H21: =+H22 -> 0 | I21: =+I22 -> 103070951412 | J21: =+J22 -> 427067802485 | K21: =+K22 -> 59800326017 | L21: =+L22 -> 365090618852 | M21: =+L21/J21 -> 0.85487741 | N21: =+L21/O21 -> 0.87251363 | O21: =+O22 -> 418435433859 | P21: =+O21/J21 -> 0.97978689 | Q21: =+Q22 -> 61977183633 | R21: =+Q21/J21 -> 0.14512259
B22: 1.1.02.05.001.09 | C22: Servicios para la comunida | D22: =+SUM(D23:D58) -> 323996851073 | E22: =+SUM(E23:E58) -> 103070951412 | F22: =+SUM(F23:F58) -> 0 | G22: =+SUM(G23:G58) -> 0 | H22: =+SUM(H23:H58) -> 0 | I22: =+SUM(I23:I58) -> 103070951412 | J22: =+SUM(J23:J58) -> 427067802485 | K22: =+SUM(K23:K58) -> 59800326017 | L22: =+SUM(L23:L58) -> 365090618852 | M22: =+L22/J22 -> 0.85487741 | N22: =+L22/O22 -> 0.87251363 | O22: =+SUM(O23:O58) -> 418435433859 | P22: =+O22/J22 -> 0.97978689 | Q22: =+SUM(Q23:Q58) -> 61977183633 | R22: =+Q22/J22 -> 0.14512259
B23: 1.1.02.05.001.09.01 | C23: Régimen contributivo | D23: 16771431734 | I23: 0 | J23: 16771431734 | K23: 2285409510 | L23: 14103159764 | M23: =+L23/J23 -> 0.84090375 | N23: =+L23/O23 -> 0.86054856 | O23: 16388569274 | P23: =+O23/J23 -> 0.97717175 | Q23: =+J23-L23 -> 2668271970 | R23: =+Q23/J23 -> 0.15909625 | T23: =+O23-K23-L23 -> 0
B24: 1.1.02.05.001.09.02 | C24: Vigencias anteriores - Régimen contributivo | D24: 610082079 | I24: 0 | J24: 610082079 | L24: 1979713676 | M24: =+L24/J24 -> 3.2449956 | N24: =+L24/O24 -> 1 | O24: 1979713676 | P24: =+O24/J24 -> 3.2449956 | Q24: =+J24-L24 -> -1369631597 | R24: =+Q24/J24 -> -2.2449956
B25: 1.1.02.05.001.09.03 | C25: Régimen Subsidiado | D25: 172284201630 | I25: 0 | J25: 172284201630 | K25: 38019353742 | L25: 142329666942 | M25: =+L25/J25 -> 0.82613302 | N25: =+L25/O25 -> 0.78919013 | O25: 180349020684 | P25: =+O25/J25 -> 1.0468111 | Q25: =+J25-L25 -> 29954534688 | R25: =+Q25/J25 -> 0.17386698 | T25: =+O25-K25-L25 -> 0
B26: 1.1.02.05.001.09.04 | C26: Vigencias anteriores -Régimen subsidiado | D26: 25835423151 | I26: 0 | J26: 25835423151 | K26: 6283491634 | L26: 19551931517 | M26: =+L26/J26 -> 0.75678774 | N26: =+L26/O26 -> 1 | O26: 19551931517 | P26: =+O26/J26 -> 0.75678774 | Q26: =+J26-L26 -> 6283491634 | R26: =+Q26/J26 -> 0.24321226
B27: 1.1.02.05.001.09.05 | C27: Particulares | D27: 1915951875 | I27: 0 | J27: 1915951875 | K27: 157422214 | L27: 1112900978 | M27: =+L27/J27 -> 0.58086061 | N27: =+L27/O27 -> 0.87607704 | O27: 1270323192 | P27: =+O27/J27 -> 0.66302458 | Q27: =+J27-L27 -> 803050897 | R27: =+Q27/J27 -> 0.41913939 | T27: =+O27-K27-L27 -> 0
B28: 1.1.02.05.001.09.06 | C28: Vigencias anteriores -Particulares | D28: 0 | I28: 0 | J28: 0 | L28: 62500095 | M28: 1 | N28: =+L28/O28 -> 1 | O28: 62500095 | P28: 1 | Q28: =+J28-L28 -> -62500095 | R28: 0
B29: 1.1.02.05.001.09.07 | C29: ECAT | D29: 1584651187 | I29: 0 | J29: 1584651187 | K29: 328424525 | L29: 565767641 | M29: =+L29/J29 -> 0.35702977 | N29: =+L29/O29 -> 0.63271371 | O29: 894192166 | P29: =+O29/J29 -> 0.56428328 | Q29: =+J29-L29 -> 1018883546 | R29: =+Q29/J29 -> 0.64297023 | T29: =+O29-K29-L29 -> 0
B30: 1.1.02.05.001.09.08 | C30: Vigencias anteriores - ECAT | D30: 412525245 | I30: 0 | J30: 412525245 | K30: 265728709 | L30: 146796536 | M30: =+L30/J30 -> 0.35584861 | N30: =+L30/O30 -> 1 | O30: 146796536 | P30: =+O30/J30 -> 0.35584861 | Q30: =+J30-L30 -> 265728709 | R30: =+Q30/J30 -> 0.64415139
B31: 1.1.02.05.001.09.09 | C31: ESE | D31: 0 | I31: 0 | J31: 0 | K31: 86418 | L31: 89124 | M31: 1 | N31: =+L31/O31 -> 0.50770756 | O31: 175542 | P31: 1 | Q31: =+J31-L31 -> -89124 | R31: 0 | T31: =+O31-K31-L31 -> 0
B32: 1.1.02.05.001.09.10 | C32: Vigencias anteriores - ESE | D32: 340836255 | I32: 0 | J32: 340836255 | K32: 340635915 | L32: 200340 | M32: =+L32/J32 -> 0.00058778958 | N32: =+L32/O32 -> 1 | O32: 200340 | P32: =+O32/J32 -> 0.00058778958 | Q32: =+J32-L32 -> 340635915 | R32: =+Q32/J32 -> 0.99941221
B33: 1.1.02.05.001.09.11 | C33: Riesgos profesionales | D33: 27659632 | I33: 0 | J33: 27659632 | K33: 21710610 | L33: 24255578 | M33: =+L33/J33 -> 0.87693061 | N33: =+L33/O33 -> 0.52768304 | O33: 45966188 | P33: =+O33/J33 -> 1.661851 | Q33: =+J33-L33 -> 3404054 | R33: =+Q33/J33 -> 0.12306939 | T33: =+O33-K33-L33 -> 0
B34: 1.1.02.05.001.09.12 | C34: Vigencias anteriores - Riesgos profesionales | D34: 4819296 | I34: 0 | J34: 4819296 | L34: 4990664 | M34: =+L34/J34 -> 1.0355587 | N34: =+L34/O34 -> 1 | O34: 4990664 | P34: =+O34/J34 -> 1.0355587 | Q34: =+J34-L34 -> -171368 | R34: =+Q34/J34 -> -0.035558721
B35: 1.1.02.05.001.09.13 | C35: Cuotas de recuperación | D35: 57998488 | I35: 0 | J35: 57998488 | K35: 17091134 | L35: 6139880 | M35: =+L35/J35 -> 0.10586276 | N35: =+L35/O35 -> 0.26429669 | O35: 23231014 | P35: =+O35/J35 -> 0.40054517 | Q35: =+J35-L35 -> 51858608 | R35: =+Q35/J35 -> 0.89413724 | T35: =+O35-K35-L35 -> 0
B36: 1.1.02.05.001.09.14 | C36: Vigencias anteriores - Cuotas de recuperación | D36: 0 | I36: 0 | J36: 0 | L36: 188962 | M36: 1 | N36: =+L36/O36 -> 1 | O36: 188962 | P36: 1 | Q36: =+J36-L36 -> -188962 | R36: 0
B37: 1.1.02.05.001.09.15 | C37: FOSYGA | D37: 777650496 | I37: 0 | J37: 777650496 | K37: 834180818 | L37: 34169141 | M37: =+L37/J37 -> 0.043938943 | N37: =+L37/O37 -> 0.039349505 | O37: 868349959 | P37: =+O37/J37 -> 1.1166327 | Q37: =+J37-L37 -> 743481355 | R37: =+Q37/J37 -> 0.95606106 | T37: =+O37-K37-L37 -> 0
B38: 1.1.02.05.001.09.16 | C38: Vigencias anteriores - FOSYGA | D38: 87757839 | I38: 0 | J38: 87757839 | K38: 25448497 | L38: 62309342 | M38: =+L38/J38 -> 0.71001454 | N38: =+L38/O38 -> 1 | O38: 62309342 | P38: =+O38/J38 -> 0.71001454 | Q38: =+J38-L38 -> 25448497 | R38: =+Q38/J38 -> 0.28998546
B39: 1.1.02.05.001.09.17 | C39: Vinculados | D39: 7257283761 | I39: 0 | J39: 7257283761 | K39: 150280906 | L39: 4250410067 | M39: =+L39/J39 -> 0.58567506 | N39: =+L39/O39 -> 0.96585061 | O39: 4400690973 | P39: =+O39/J39 -> 0.60638265 | Q39: =+J39-L39 -> 3006873694 | R39: =+Q39/J39 -> 0.41432494 | T39: =+O39-K39-L39 -> 0
B40: 1.1.02.05.001.09.18 | C40: Vigencias anteriores - Vinculados | D40: 79322462 | I40: 0 | J40: 79322462 | K40: 69966963 | L40: 9355499 | M40: =+L40/J40 -> 0.11794262 | N40: =+L40/O40 -> 1 | O40: 9355499 | P40: =+O40/J40 -> 0.11794262 | Q40: =+J40-L40 -> 69966963 | R40: =+Q40/J40 -> 0.88205738
B41: 1.1.02.05.001.09.19 | C41: Proyectos plan integral de intervenciones colectivas | D41: 22065643133 | I41: 0 | J41: 22065643133 | L41: 27436119671 | M41: =+L41/J41 -> 1.2433864 | N41: =+L41/O41 -> 1 | O41: 27436119671 | P41: =+O41/J41 -> 1.2433864 | Q41: =+J41-L41 -> -5370476538 | R41: =+Q41/J41 -> -0.24338636 | T41: =+O41-K41-L41 -> 0
B42: 1.1.02.05.001.09.20 | C42: Vigencias anteriores - Proyectos plan integral de intervenciones colectivas | D42: 0 | I42: 0 | J42: 0 | L42: 1072234541 | M42: 1 | N42: =+L42/O42 -> 1 | O42: 1072234541 | P42: 1 | Q42: =+J42-L42 -> -1072234541 | R42: 0
B43: 1.1.02.05.001.09.21 | C43: Copagos | D43: 2759056551 | I43: 0 | J43: 2759056551 | K43: 530592935 | L43: 1925362712 | M43: =+L43/J43 -> 0.69783373 | N43: =+L43/O43 -> 0.78395663 | O43: 2455955647 | P43: =+O43/J43 -> 0.89014328 | Q43: =+J43-L43 -> 833693839 | R43: =+Q43/J43 -> 0.30216627 | T43: =+O43-K43-L43 -> 0
B44: 1.1.02.05.001.09.22 | C44: Vigencias anteriores - Copagos | D44: 0 | I44: 0 | J44: 0 | L44: 129202577 | M44: 1 | N44: =+L44/O44 -> 1 | O44: 129202577 | P44: 1 | Q44: =+J44-L44 -> -129202577 | R44: 0
B45: 1.1.02.05.001.09.23 | C45: Vinculados departamento | D45: 4738562728 | I45: 0 | J45: 4738562728 | K45: 1239680709 | L45: 778124360 | M45: =+L45/J45 -> 0.16421105 | N45: =+L45/O45 -> 0.3856291 | O45: 2017805069 | P45: =+O45/J45 -> 0.42582639 | Q45: =+J45-L45 -> 3960438368 | R45: =+Q45/J45 -> 0.83578895 | T45: =+O45-K45-L45 -> 0
B46: 1.1.02.05.001.09.24 | C46: Vigencias anteriores - Vinculados departamento | D46: 910835610 | I46: 0 | J46: 910835610 | L46: 4540863383 | M46: =+L46/J46 -> 4.9853819 | N46: =+L46/O46 -> 1 | O46: 4540863383 | P46: =+O46/J46 -> 4.9853819 | Q46: =+J46-L46 -> -3630027773 | R46: =+Q46/J46 -> -3.9853819
B47: 1.1.02.05.001.09.25 | C47: Empresas medicina prepagada | D47: 0 | I47: 0 | J47: 0 | K47: 0 | L47: 0 | M47: 0 | N47: 0 | O47: 0 | P47: 0 | Q47: =+J47-L47 -> 0 | R47: 0 | T47: =+O47-K47-L47 -> 0
B48: 1.1.02.05.001.09.26 | C48: Vigencias anteriores - Empresas medicina prepagada | D48: 11553468 | I48: 0 | J48: 11553468 | K48: 11553468 | L48: 0 | M48: =+L48/J48 -> 0 | N48: 0 | O48: 0 | P48: 0 | Q48: =+J48-L48 -> 11553468 | R48: =+Q48/J48 -> 1
B49: 1.1.02.05.001.09.27 | C49: Entidades de régimen especial | D49: 61654432 | I49: 0 | J49: 61654432 | K49: 17524686 | L49: 9293831 | M49: =+L49/J49 -> 0.15074068 | N49: =+L49/O49 -> 0.3465453 | O49: 26818517 | P49: =+O49/J49 -> 0.43498117 | Q49: =+J49-L49 -> 52360601 | R49: =+Q49/J49 -> 0.84925932 | T49: =+O49-K49-L49 -> 0
B50: 1.1.02.05.001.09.28 | C50: Vigencias anteriores - Entidades de régimen especial | D50: 16989902 | I50: 0 | J50: 16989902 | L50: 23566211 | M50: =+L50/J50 -> 1.3870716 | N50: =+L50/O50 -> 1 | O50: 23566211 | P50: =+O50/J50 -> 1.3870716 | Q50: =+J50-L50 -> -6576309 | R50: =+Q50/J50 -> -0.38707163
B51: 1.1.02.05.001.09.29 | C51: IPS privadas | D51: 32922582 | I51: 0 | J51: 32922582 | K51: 45206235 | L51: 106556435 | M51: =+L51/J51 -> 3.2365759 | N51: =+L51/O51 -> 0.70212546 | O51: 151762670 | P51: =+O51/J51 -> 4.6096831 | Q51: =+J51-L51 -> -73633853 | R51: =+Q51/J51 -> -2.2365759 | T51: =+O51-K51-L51 -> 0
B52: 1.1.02.05.001.09.30 | C52: Vigencias anteriores - IPS privadas | D52: 2039330 | I52: 0 | J52: 2039330 | L52: 6876830 | M52: =+L52/J52 -> 3.3721026 | N52: =+L52/O52 -> 1 | O52: 6876830 | P52: =+O52/J52 -> 3.3721026 | Q52: =+J52-L52 -> -4837500 | R52: =+Q52/J52 -> -2.3721026
B53: 1.1.02.05.001.09.31 | C53: Otras ventas de servicios | D53: 1661304933 | I53: 0 | J53: 1661304933 | K53: 57693274 | L53: 66161516 | M53: =+L53/J53 -> 0.039825028 | N53: =+L53/O53 -> 0.099340279 | O53: 666008962 | P53: =+O53/J53 -> 0.40089507 | Q53: =+J53-L53 -> 1595143417 | R53: =+Q53/J53 -> 0.96017497 | T53: =+O53-K53-L53 -> 542154172
B54: 1.1.02.05.001.09.32 | C54: Vigencias anteriores - Otras ventas de servicios | D54: 0 | I54: 0 | J54: 0 | L54: 4964745 | M54: 1 | N54: =+L54/O54 -> 1 | O54: 4964745 | P54: 1 | Q54: =+J54-L54 -> -4964745 | R54: 0
B55: 1.1.02.05.001.09.33 | C55: Compañías de seguros planes de salud | D55: 97378457 | I55: 0 | J55: 97378457 | K55: 50499658 | L55: 48558125 | M55: =+L55/J55 -> 0.49865367 | N55: =+L55/O55 -> 0.4902 | O55: 99057783 | P55: =+O55/J55 -> 1.0172454 | Q55: =+J55-L55 -> 48820332 | R55: =+Q55/J55 -> 0.50134633 | T55: =+O55-K55-L55 -> 0
B56: 1.1.02.05.001.09.34 | C56: Vigencias anteriores - Compañías de seguros planes de salud | D56: 17384480 | I56: 0 | J56: 17384480 | K56: 839997 | L56: 16544483 | M56: =+L56/J56 -> 0.95168121 | N56: =+L56/O56 -> 1 | O56: 16544483 | P56: =+O56/J56 -> 0.95168121 | Q56: =+J56-L56 -> 839997 | R56: =+Q56/J56 -> 0.048318788
B57: 1.1.02.05.001.09.35 | C57: Convenios Interadministrat | D57: 63572923607 | E57: 103070951412 | I57: 103070951412 | J57: 166643875019 | K57: 9047503460 | L57: 140116142026 | M57: =+L57/J57 -> 0.84081183 | N57: =+L57/O57 -> 0.93934512 | O57: 149163645487 | P57: =+O57/J57 -> 0.89510428 | Q57: =+J57-L57 -> 26527732993 | R57: =+Q57/J57 -> 0.15918817 | T57: =+O57-K57-L57 -> 1
B58: 1.1.02.05.001.09.36 | C58: Vigencias anteriores - Convenios Interadministrat | D58: 1006730 | I58: 0 | J58: 1006730 | L58: 4565501660 | M58: =+L58/J58 -> 4534.9812 | N58: =+L58/O58 -> 1 | O58: 4565501660 | P58: =+O58/J58 -> 4534.9812 | Q58: =+J58-L58 -> -4564494930 | R58: =+Q58/J58 -> -4533.9812
B59: 1.1.02.05.002 | C59: Ventas incidentales de establecimientos no de mercado | D59: =+D60 -> 4417575322 | E59: =+E60 -> 0 | F59: =+F60 -> 0 | G59: =+G60 -> 0 | H59: =+H60 -> 0 | I59: =+I60 -> 0 | J59: =+J60 -> 4417575322 | K59: =+K60 -> 0 | L59: =+L60 -> 341811278 | M59: =+L59/J59 -> 0.077375314 | N59: =+L59/O59 -> 1 | O59: =+O60 -> 341811278 | P59: =+O59/J59 -> 0.077375314 | Q59: =+Q60 -> 4075764044 | R59: =+Q59/J59 -> 0.92262469
B60: 1.1.02.05.002.07 | C60: Servicios financieros y servicios conexos servicios inmobiliarios y servicios de leasing | D60: =+D61 -> 4417575322 | E60: =+E61 -> 0 | F60: =+F61 -> 0 | G60: =+G61 -> 0 | H60: =+H61 -> 0 | I60: =+I61 -> 0 | J60: =+J61 -> 4417575322 | K60: =+K61 -> 0 | L60: =+L61 -> 341811278 | M60: =+L60/J60 -> 0.077375314 | N60: =+L60/O60 -> 1 | O60: =+O61 -> 341811278 | P60: =+O60/J60 -> 0.077375314 | Q60: =+Q61 -> 4075764044 | R60: =+Q60/J60 -> 0.92262469
B61: 1.1.02.05.002.07.01 | C61: Arrendamientos | D61: 4417575322 | I61: 0 | J61: 4417575322 | L61: 341811278 | M61: =+L61/J61 -> 0.077375314 | N61: =+L61/O61 -> 1 | O61: 341811278 | P61: =+O61/J61 -> 0.077375314 | Q61: =+J61-L61 -> 4075764044 | R61: =+Q61/J61 -> 0.92262469
B62: 1.1.02.06 | C62: Transferencias corrientes | D62: =+D63+D65 -> 10000000000 | E62: =+E63+E65 -> 22731811223 | F62: =+F63+F65 -> 0 | G62: =+G63+G65 -> 0 | H62: =+H63+H65 -> 0 | I62: =+I63+I65 -> 22731811223 | J62: =+J63+J65 -> 32731811223 | K62: =+K63+K65 -> 0 | L62: =+L63+L65 -> 21478888340 | M62: =+L62/J62 -> 0.65620837 | N62: =+L62/O62 -> 1 | O62: =+O63+O65 -> 21478888340 | P62: =+O62/J62 -> 0.65620837 | Q62: =+Q63+Q65 -> 11252922883 | R62: =+Q62/J62 -> 0.34379163
B63: 1.1.02.06.006 | C63: Transferencia de otras entidades del gobierno general | D63: =+D64 -> 0 | E63: =+E64 -> 0 | F63: =+F64 -> 0 | G63: =+G64 -> 0 | H63: =+H64 -> 0 | I63: =+I64 -> 0 | J63: =+J64 -> 0 | K63: =+K64 -> 0 | L63: =+L64 -> 0 | M63: 0 | N63: 0 | O63: =+O64 -> 0 | P63: 0 | Q63: =+Q64 -> 0 | R63: 0
B64: 1.1.02.06.006.01 | C64: Aportes - Nación | I64: 0 | J64: 0 | M64: 0 | N64: 0 | P64: 0 | Q64: =+J64-L64 -> 0 | R64: 0
B65: 1.1.02.06.006.06 | C65: Otras unidades de gobierno | D65: =+SUM(D66:D67) -> 10000000000 | E65: =+SUM(E66:E67) -> 22731811223 | F65: =+SUM(F66:F67) -> 0 | G65: =+SUM(G66:G67) -> 0 | H65: =+SUM(H66:H67) -> 0 | I65: =+SUM(I66:I67) -> 22731811223 | J65: =+SUM(J66:J67) -> 32731811223 | K65: =+SUM(K66:K67) -> 0 | L65: =+SUM(L66:L67) -> 21478888340 | M65: =+L65/J65 -> 0.65620837 | N65: =+L65/O65 -> 1 | O65: =+SUM(O66:O67) -> 21478888340 | P65: =+O65/J65 -> 0.65620837 | Q65: =+SUM(Q66:Q67) -> 11252922883 | R65: =+Q65/J65 -> 0.34379163
B66: 1.1.02.06.006.06.01 | C66: Municipales | D66: 10000000000 | E66: 22731811223 | I66: 22731811223 | J66: 32731811223 | L66: 21478888340 | M66: =+L66/J66 -> 0.65620837 | N66: =+L66/O66 -> 1 | O66: 21478888340 | P66: =+O66/J66 -> 0.65620837 | Q66: =+J66-L66 -> 11252922883 | R66: =+Q66/J66 -> 0.34379163
B67: 1.1.02.06.006.06.02 | C67: Otras entidades | D67: 0 | I67: 0 | J67: 0 | M67: 0 | N67: 0 | P67: 0 | Q67: =+J67-L67 -> 0 | R67: 0
B68: 1.2 | C68: Recursos de capital | D68: =+D69+D74+D77+D82 -> 15201534290 | E68: =+E69+E74+E77+E82 -> 0 | F68: =+F69+F74+F77+F82 -> 0 | G68: =+G69+G74+G77+G82 -> 0 | H68: =+H69+H74+H77+H82 -> 0 | I68: =+I69+I74+I77+I82 -> 0 | J68: =+J69+J74+J77+J82 -> 15201534290 | K68: =+K69+K74+K77+K82 -> 541777503 | L68: =+L69+L74+L77+L82 -> 1.2071345e+10 | M68: =+L68/J68 -> 0.79408729 | N68: =+L68/O68 -> 1 | O68: =+O69+O74+O77+O82 -> 1.2071345e+10 | P68: =+O68/J68 -> 0.79408729 | Q68: =+Q69+Q74+Q77+Q82 -> 3.1301892e+09 | R68: =+Q68/J68 -> 0.20591271
B69: 1.2.01 | C69: Disposición de activos | D69: =+D70 -> 8000000000 | E69: =+E70 -> 0 | F69: =+F70 -> 0 | G69: =+G70 -> 0 | H69: =+H70 -> 0 | I69: =+I70 -> 0 | J69: =+J70 -> 8000000000 | K69: =+K70 -> 0 | L69: =+L70 -> 0 | M69: 0 | N69: 0 | O69: =+O70 -> 0 | P69: 0 | Q69: =+Q70 -> 8000000000 | R69: =+Q69/J69 -> 1
B70: 1.2.01.02 | C70: Disposición de activos no financieros | D70: =+D71 -> 8000000000 | E70: =+E71 -> 0 | F70: =+F71 -> 0 | G70: =+G71 -> 0 | H70: =+H71 -> 0 | I70: =+I71 -> 0 | J70: =+J71 -> 8000000000 | K70: =+K71 -> 0 | L70: =+L71 -> 0 | M70: 0 | N70: 0 | O70: =+O71 -> 0 | P70: 0 | Q70: =+Q71 -> 8000000000 | R70: =+Q70/J70 -> 1
B71: 1.2.01.02.001 | C71: Disposición de activos fijos | D71: =+SUM(D72:D73) -> 8000000000 | E71: =+SUM(E72:E73) -> 0 | F71: =+SUM(F72:F73) -> 0 | G71: =+SUM(G72:G73) -> 0 | H71: =+SUM(H72:H73) -> 0 | I71: =+SUM(I72:I73) -> 0 | J71: =+SUM(J72:J73) -> 8000000000 | K71: =+SUM(K72:K73) -> 0 | L71: =+SUM(L72:L73) -> 0 | M71: 0 | N71: 0 | O71: =+SUM(O72:O73) -> 0 | P71: 0 | Q71: =+SUM(Q72:Q73) -> 8000000000 | R71: =+Q71/J71 -> 1
B72: 1.2.01.02.001.01 | C72: Disposición de edificaciones y estructuras | D72: 8000000000 | I72: 0 | J72: 8000000000 | M72: 0 | N72: 0 | O72: 0 | P72: 0 | Q72: =+J72-L72 -> 8000000000 | R72: =+Q72/J72 -> 1
B73: 1.2.01.02.001.02 | C73: Disposición de maquinaria y equipo | D73: 0 | I73: 0 | J73: 0 | M73: 0 | N73: 0 | O73: 0 | P73: 0 | Q73: =+J73-L73 -> 0 | R73: 0
B74: 1.2.05 | C74: Rendimientos financieros | D74: =+D75 -> 230000000 | E74: =+E75 -> 0 | F74: =+F75 -> 0 | G74: =+G75 -> 0 | H74: =+H75 -> 0 | I74: =+I75 -> 0 | J74: =+J75 -> 230000000 | K74: =+K75 -> 0 | L74: =+L75 -> 222776040 | M74: =+L74/J74 -> 0.96859148 | N74: =+L74/O74 -> 1 | O74: =+O75 -> 222776040 | P74: =+O74/J74 -> 0.96859148 | Q74: =+Q75 -> 7223960 | R74: =+Q74/J74 -> 0.031408522
B75: 1.2.05.02 | C75: Depósitos | D75: =+D76 -> 230000000 | E75: =+E76 -> 0 | F75: =+F76 -> 0 | G75: =+G76 -> 0 | H75: =+H76 -> 0 | I75: =+I76 -> 0 | J75: =+J76 -> 230000000 | K75: =+K76 -> 0 | L75: =+L76 -> 222776040 | M75: =+L75/J75 -> 0.96859148 | N75: =+L75/O75 -> 1 | O75: =+O76 -> 222776040 | P75: =+O75/J75 -> 0.96859148 | Q75: =+Q76 -> 7223960 | R75: =+Q75/J75 -> 0.031408522
B76: 1.2.05.02.01 | C76: Rendimientos y reajuste monetario | D76: 230000000 | I76: 0 | J76: 230000000 | L76: 222776040 | M76: =+L76/J76 -> 0.96859148 | N76: =+L76/O76 -> 1 | O76: 222776040 | P76: =+O76/J76 -> 0.96859148 | Q76: =+J76-L76 -> 7223960 | R76: =+Q76/J76 -> 0.031408522
B77: 1.2.09 | C77: Recuperación de cartera - préstamos | D77: =+D78+D79 -> 4212437633 | E77: =+E78+E79 -> 0 | F77: =+F78+F79 -> 0 | G77: =+G78+G79 -> 0 | H77: =+H78+H79 -> 0 | I77: =+I78+I79 -> 0 | J77: =+J78+J79 -> 4212437633 | K77: =+K78+K79 -> 431823417 | L77: =+L78+L79 -> 4.2179645e+09 | M77: =+L77/J77 -> 1.001312 | N77: =+L77/O77 -> 1 | O77: =+O78+O79 -> 4.2179645e+09 | P77: =+O77/J77 -> 1.001312 | Q77: =+Q78+Q79 -> -5526870 | R77: =+Q77/J77 -> -0.001312036
B78: 1.2.09.03 | C78: De personas naturales-Fondo de vivienda | D78: 602624732 | I78: 0 | J78: 602624732 | L78: 1203592199 | M78: =+L78/J78 -> 1.9972499 | N78: =+L78/O78 -> 1 | O78: 1203592199 | P78: =+O78/J78 -> 1.9972499 | Q78: =+J78-L78 -> -600967467 | R78: =+Q78/J78 -> -0.99724992
B79: 1.2.09.05 | C79: Recuperación cuotas partes | D79: =+SUM(D80:D81) -> 3609812901 | E79: =+SUM(E80:E81) -> 0 | F79: =+SUM(F80:F81) -> 0 | G79: =+SUM(G80:G81) -> 0 | H79: =+SUM(H80:H81) -> 0 | I79: =+SUM(I80:I81) -> 0 | J79: =+SUM(J80:J81) -> 3609812901 | K79: =+SUM(K80:K81) -> 431823417 | L79: =+SUM(L80:L81) -> 3.0143723e+09 | M79: =+L79/J79 -> 0.83504946 | N79: =+L79/O79 -> 1 | O79: =+SUM(O80:O81) -> 3.0143723e+09 | P79: =+O79/J79 -> 0.83504946 | Q79: =+SUM(Q80:Q81) -> 5.954406e+08 | R79: =+Q79/J79 -> 0.16495054
B80: 1.2.09.05.01 | C80: Cuotas partes - pensionales | D80: 3525684364 | I80: 0 | J80: 3525684364 | K80: 426818648 | L80: 2.9562164e+09 | M80: =+L80/J80 -> 0.83848017 | N80: =+L80/O80 -> 1 | O80: 2.9562164e+09 | P80: =+O80/J80 -> 0.83848017 | Q80: =+J80-L80 -> 5.6946792e+08 | R80: =+Q80/J80 -> 0.16151983
B81: 1.2.09.05.02 | C81: Cuotas partes - cesantías | D81: 84128537 | I81: 0 | J81: 84128537 | K81: 5004769 | L81: 58155862 | M81: =+L81/J81 -> 0.6912739 | N81: =+L81/O81 -> 1 | O81: 58155862 | P81: =+O81/J81 -> 0.6912739 | Q81: =+J81-L81 -> 25972675 | R81: =+Q81/J81 -> 0.3087261
B82: 1.2.13 | C82: Reintegros y otros recursos no apropiados | D82: =+D83 -> 2759096657 | E82: =+E83 -> 0 | F82: =+F83 -> 0 | G82: =+G83 -> 0 | H82: =+H83 -> 0 | I82: =+I83 -> 0 | J82: =+J83 -> 2759096657 | K82: =+K83 -> 109954086 | L82: =+L83 -> 7.6306046e+09 | M82: =+L82/J82 -> 2.765617 | N82: =+L82/O82 -> 1 | O82: =+O83 -> 7.6306046e+09 | P82: =+O82/J82 -> 2.765617 | Q82: =+Q83 -> -4.8715079e+09 | R82: =+Q82/J82 -> -1.765617
B83: 1.2.13.01 | C83: Reintegros | D83: =+SUM(D84:D88) -> 2759096657 | E83: =+SUM(E84:E88) -> 0 | F83: =+SUM(F84:F88) -> 0 | G83: =+SUM(G84:G88) -> 0 | H83: =+SUM(H84:H88) -> 0 | I83: =+SUM(I84:I88) -> 0 | J83: =+SUM(J84:J88) -> 2759096657 | K83: =+SUM(K84:K88) -> 109954086 | L83: =+SUM(L84:L88) -> 7.6306046e+09 | M83: =+L83/J83 -> 2.765617 | N83: =+L83/O83 -> 1 | O83: =+SUM(O84:O88) -> 7.6306046e+09 | P83: =+O83/J83 -> 2.765617 | Q83: =+SUM(Q84:Q88) -> -4.8715079e+09 | R83: =+Q83/J83 -> -1.765617
B84: 1.2.13.01.01 | C84: Sobrantes y aprovechamientos | D84: 97973754 | I84: 0 | J84: 97973754 | K84: 1175780 | L84: 3.4030999e+08 | M84: =+L84/J84 -> 3.4734812 | N84: =+L84/O84 -> 1 | O84: 3.4030999e+08 | P84: =+O84/J84 -> 3.4734812 | Q84: =+J84-L84 -> -2.4233624e+08 | R84: =+Q84/J84 -> -2.4734812
B85: 1.2.13.01.02 | C85: Reciclaje | D85: 5529379 | I85: 0 | J85: 5529379 | K85: 0 | L85: 7436872 | M85: =+L85/J85 -> 1.3449742 | N85: =+L85/O85 -> 1 | O85: 7436872 | P85: =+O85/J85 -> 1.3449742 | Q85: =+J85-L85 -> -1907493 | R85: =+Q85/J85 -> -0.34497418
B86: 1.2.13.01.03 | C86: Otros servicios | D86: 41555823 | I86: 0 | J86: 41555823 | L86: 140546 | M86: =+L86/J86 -> 0.0033821012 | N86: =+L86/O86 -> 1 | O86: 140546 | P86: =+O86/J86 -> 0.0033821012 | Q86: =+J86-L86 -> 41415277 | R86: =+Q86/J86 -> 0.9966179
B87: 1.2.13.01.04 | C87: Otras cuentas por cobrar | D87: 1263068163 | I87: 0 | J87: 1263068163 | K87: 108778306 | L87: 5710774147 | M87: =+L87/J87 -> 4.5213507 | N87: =+L87/O87 -> 1 | O87: 5710774147 | P87: =+O87/J87 -> 4.5213507 | Q87: =+J87-L87 -> -4447705984 | R87: =+Q87/J87 -> -3.5213507
B88: 1.2.13.01.05 | C88: Incapacidades | D88: 1350969538 | I88: 0 | J88: 1350969538 | L88: 1571943026 | M88: =+L88/J88 -> 1.1635666 | N88: =+L88/O88 -> 1 | O88: 1571943026 | P88: =+O88/J88 -> 1.1635666 | Q88: =+J88-L88 -> -220973488 | R88: =+Q88/J88 -> -0.1635666
I89: 0 | M89: =+L89/J89 -> #DIV/0! | N89: =+L89/O89 -> #DIV/0! | P89: =+O89/J89 -> #DIV/0! | Q89: =+J89-L89 -> 0 | R89: =+Q89/J89 -> #DIV/0!
B90: 005 | C90: Total vigencias anteriores | D90: =+D24+D26+D28+D30+D32+D34+D36+D38+D40+D42+D44+D46+D48+D50+D52+D54+D56+D58 -> 28330575847 | E90: =+E24+E26+E28+E30+E32+E34+E36+E38+E40+E42+E44+E46+E48+E50+E52+E54+E56+E58 -> 0 | F90: =+F24+F26+F28+F30+F32+F34+F36+F38+F40+F42+F44+F46+F48+F50+F52+F54+F56+F58 -> 0 | G90: =+G24+G26+G28+G30+G32+G34+G36+G38+G40+G42+G44+G46+G48+G50+G52+G54+G56+G58 -> 0 | H90: =+H24+H26+H28+H30+H32+H34+H36+H38+H40+H42+H44+H46+H48+H50+H52+H54+H56+H58 -> 0 | I90: =+I24+I26+I28+I30+I32+I34+I36+I38+I40+I42+I44+I46+I48+I50+I52+I54+I56+I58 -> 0 | J90: =+J24+J26+J28+J30+J32+J34+J36+J38+J40+J42+J44+J46+J48+J50+J52+J54+J56+J58 -> 28330575847 | K90: =+K24+K26+K28+K30+K32+K34+K36+K38+K40+K42+K44+K46+K48+K50+K52+K54+K56+K58 -> 6997665183 | L90: =+L24+L26+L28+L30+L32+L34+L36+L38+L40+L42+L44+L46+L48+L50+L52+L54+L56+L58 -> 32177741061 | M90: =+L90/J90 -> 1.1357955 | N90: =+L90/O90 -> 1 | O90: =+O24+O26+O28+O30+O32+O34+O36+O38+O40+O42+O44+O46+O48+O50+O52+O54+O56+O58 -> 32177741061 | P90: =+O90/J90 -> 1.1357955 | Q90: =+Q24+Q26+Q28+Q30+Q32+Q34+Q36+Q38+Q40+Q42+Q44+Q46+Q48+Q50+Q52+Q54+Q56+Q58 -> -3847165214 | R90: =+Q90/J90 -> -0.13579552
Q91: =+L90-O90 -> 0
Q92: =+J11-L11-Q11 -> 0
C94: VALENTINA SOSA CARVAJAL
C95: Gerente
C96: Aprobó
C100: JORGE HERNÁN LOPERA TABORDA
C101: Subgerente Administrativo y Financiero
C102: Revisó
J103: 500
J104: 10
C106: ISABEL VÉLEZ GALLEGO
C107: Profesional Universitaria
C108: Proyectó

Sheet Gtos-Diciembre
S2: =+R6+S6+T6 -> 0
B3: E.S.E METROSALUD | P3: =+P9-R6 -> 388861378050 | Q3: =+Q9-S6 -> 83123445612 | R3: =+T6-R9 -> 0 | S3: =+U6-S9 -> -29062855960 | T3: =+#REF!-T9 -> #REF!
B4: EJECUCION PRESUPUESTAL DE GASTOS | D4: EJECUCION PRESUPUESTAL DE GASTOS
B5: 31 DE DICIEMBRE DE 2023
B7: Rubro | C7: Detalle Rubro | D7: Presupuesto Inicial | E7: Modificaciones | J7: Presupuesto Definitivo | K7: Disponibili-dades Expedidas | L7: Ejecutado | P7: Pagos | Q7: Cuentas por Pagar | R7: Saldos
E8: Adiciones | F8: Reducciones | G8: - Débitos | H8: + Créditos | I8: Total Modifi-caciones | L8: Compromisos | N8: Pagos + Obligaciones | R8: Disponibilidad | S8: Rubro | T8: Compromisos
B9: 2. | C9: GASTOS | D9: =+D10+D116+D119+D144 -> 369615960685 | E9: =+E10+E116+E119+E144 -> 131431718936 | F9: =+F10+F116+F119+F144 -> 0 | G9: =+G10+G116+G119+G144 -> 200886882041 | H9: =+H10+H116+H119+H144 -> 200886882041 | I9: =+I10+I116+I119+I144 -> 131431718936 | J9: =+J10+J116+J119+J144 -> 501047679621 | K9: =+K10+K116+K119+K144 -> 471984823662 | L9: =+L10+L116+L119+L144 -> 471984823662 | M9: =+L9/J9 -> 0.94199583 | N9: =+N10+N116+N119+N144 -> 471984823662 | O9: =+N9/J9 -> 0.94199583 | P9: =+P10+P116+P119+P144 -> 388861378050 | Q9: =+Q10+Q116+Q119+Q144 -> 83123445612 | R9: =+R10+R116+R119+R144 -> 0 | S9: =+S10+S116+S119+S144 -> 29062855960 | T9: =+T10+T116+T119+T144 -> 0 | U9: =+J9-K9-S9 -> -1
B10: 2.1 | C10: Gastos de Funcionamiento | D10: =+D11+D57+D87+D96+D99+D102 -> 302199921749 | E10: =+E11+E57+E87+E96+E99+E102 -> 109731718936 | F10: =+F11+F57+F87+F96+F99+F102 -> 0 | G10: =+G11+G57+G87+G96+G99+G102 -> 194271742817 | H10: =+H11+H57+H87+H96+H99+H102 -> 196271742817 | I10: =+I11+I57+I87+I96+I99+I102 -> 111731718936 | J10: =+J11+J57+J87+J96+J99+J102 -> 413931640685 | K10: =+K11+K57+K87+K96+K99+K102 -> 392326142803 | L10: =+L11+L57+L87+L96+L99+L102 -> 392326142803 | M10: =+L10/J10 -> 0.94780419 | N10: =+N11+N57+N87+N96+N99+N102 -> 392326142803 | O10: =+N10/J10 -> 0.94780419 | P10: =+P11+P57+P87+P96+P99+P102 -> 343227046888 | Q10: =+Q11+Q57+Q87+Q96+Q99+Q102 -> 49099095915 | R10: =+R11+R57+R87+R96+R99+R102 -> 0 | S10: =+S11+S57+S87+S96+S99+S102 -> 21605497883 | T10: =+T11+T57+T87+T96+T99+T102 -> 0 | U10: =+J10-K10-S10 -> -1
B11: 2.1.1 | C11: Gastos de personal | D11: =+D12 -> 178189599906 | E11: =+E12 -> 0 | F11: =+F12 -> 0 | G11: =+G12 -> 70223477325 | H11: =+H12 -> 69847318287 | I11: =+I12 -> -376159038 | J11: =+J12 -> 177813440868 | K11: =+K12 -> 174204047307 | L11: =+L12 -> 174204047307 | M11: =+L11/J11 -> 0.97970123 | N11: =+N12 -> 174204047307 | O11: =+N11/J11 -> 0.97970123 | P11: =+P12 -> 170328519648 | Q11: =+Q12 -> 3875527659 | R11: =+R12 -> 0 | S11: =+S12 -> 3609393561 | T11: =+T12 -> 0 | U11: =+J11-K11-S11 -> 0
B12: 2.1.1.01 | C12: Planta de personal permane | D12: =+D13+D27+D35 -> 178189599906 | E12: =+E13+E27+E35 -> 0 | F12: =+F13+F27+F35 -> 0 | G12: =+G13+G27+G35 -> 70223477325 | H12: =+H13+H27+H35 -> 69847318287 | I12: =+I13+I27+I35 -> -376159038 | J12: =+J13+J27+J35 -> 177813440868 | K12: =+K13+K27+K35 -> 174204047307 | L12: =+L13+L27+L35 -> 174204047307 | M12: =+L12/J12 -> 0.97970123 | N12: =+N13+N27+N35 -> 174204047307 | O12: =+N12/J12 -> 0.97970123 | P12: =+P13+P27+P35 -> 170328519648 | Q12: =+Q13+Q27+Q35 -> 3875527659 | R12: =+R13+R27+R35 -> 0 | S12: =+S13+S27+S35 -> 3609393561 | T12: =+T13+T27+T35 -> 0 | U12: =+J12-K12-S12 -> 0
B13: 2.1.1.01.01 | C13: Factores constitutivos de | D13: =+D14+D24 -> 127876057957 | E13: =+E14+E24 -> 0 | F13: =+F14+F24 -> 0 | G13: =+G14+G24 -> 61244784877 | H13: =+H14+H24 -> 60223000000 | I13: =+I14+I24 -> -1021784877 | J13: =+J14+J24 -> 126854273080 | K13: =+K14+K24 -> 125278346844 | L13: =+L14+L24 -> 125278346844 | M13: =+L13/J13 -> 0.98757688 | N13: =+N14+N24 -> 125278346844 | O13: =+N13/J13 -> 0.98757688 | P13: =+P14+P24 -> 124843408714 | Q13: =+Q14+Q24 -> 434938130 | R13: =+R14+R24 -> 0 | S13: =+S14+S24 -> 1575926236 | T13: =+T14+T24 -> 0 | U13: =+J13-K13-S13 -> 0
B14: 2.1.1.01.01.001 | C14: Factores salariales comune | D14: =+SUM(D15:D21) -> 127873400746 | E14: =+SUM(E15:E21) -> 0 | F14: =+SUM(F15:F21) -> 0 | G14: =+SUM(G15:G21) -> 61244784877 | H14: =+SUM(H15:H21) -> 60219000000 | I14: =+SUM(I15:I21) -> -1025784877 | J14: =+SUM(J15:J21) -> 126847615869 | K14: =+SUM(K15:K21) -> 125272583162 | L14: =+SUM(L15:L21) -> 125272583162 | M14: =+L14/J14 -> 0.98758327 | N14: =+SUM(N15:N21) -> 125272583162 | O14: =+N14/J14 -> 0.98758327 | P14: =+SUM(P15:P21) -> 124837645032 | Q14: =+SUM(Q15:Q21) -> 434938130 | R14: =+SUM(R15:R21) -> 0 | S14: =+SUM(S15:S21) -> 1575032707 | T14: =+SUM(T15:T21) -> 0 | U14: =+J14-K14-S14 -> 0
B15: 2.1.1.01.01.001.01 | C15: Sueldo básico | D15: 99109805496 | G15: 55144784877 | H15: 53500000000 | I15: =+E15-F15-G15+H15 -> -1644784877 | J15: =+D15+E15-G15+H15 -> 97465020619 | K15: =+L15 -> 96958149361 | L15: =+N15 -> 96958149361 | M15: =+L15/J15 -> 0.99479945 | N15: =+P15+Q15 -> 96958149361 | O15: =+N15/J15 -> 0.99479945 | P15: 96826618577 | Q15: 131530784 | S15: 506871258 | U15: =+J15-K15-S15 -> 0
B16: 2.1.1.01.01.001.02 | C16: Horas extras dominicales | D16: 7434528019 | H16: 529000000 | I16: =+E16-F16-G16+H16 -> 529000000 | J16: =+D16+E16-G16+H16 -> 7963528019 | K16: =+L16 -> 7906500107 | L16: =+N16 -> 7906500107 | M16: =+L16/J16 -> 0.99283886 | N16: =+P16+Q16 -> 7906500107 | O16: =+N16/J16 -> 0.99283886 | P16: 7896073351 | Q16: 10426756 | S16: 57027912 | U16: =+J16-K16-S16 -> 0
B17: 2.1.1.01.01.001.04 | C17: Subsidio de alimentación | D17: 277830491 | I17: =+E17-F17-G17+H17 -> 0 | J17: =+D17+E17-G17+H17 -> 277830491 | K17: =+L17 -> 235067349 | L17: =+N17 -> 235067349 | M17: =+L17/J17 -> 0.8460819 | N17: =+P17+Q17 -> 235067349 | O17: =+N17/J17 -> 0.8460819 | P17: 235067349 | S17: 42763142 | U17: =+J17-K17-S17 -> 0
B18: 2.1.1.01.01.001.05 | C18: Auxilio de transporte | D18: 170951269 | H18: 290000000 | I18: =+E18-F18-G18+H18 -> 290000000 | J18: =+D18+E18-G18+H18 -> 460951269 | K18: =+L18 -> 310554986 | L18: =+N18 -> 310554986 | M18: =+L18/J18 -> 0.67372628 | N18: =+P18+Q18 -> 310554986 | O18: =+N18/J18 -> 0.67372628 | P18: 310554986 | S18: 150396283 | U18: =+J18-K18-S18 -> 0
B19: 2.1.1.01.01.001.06 | C19: Prima de servicios | D19: 4239177130 | I19: =+E19-F19-G19+H19 -> 0 | J19: =+D19+E19-G19+H19 -> 4239177130 | K19: =+L19 -> 3887113128 | L19: =+N19 -> 3887113128 | M19: =+L19/J19 -> 0.91694992 | N19: =+P19+Q19 -> 3887113128 | O19: =+N19/J19 -> 0.91694992 | P19: 3850882338 | Q19: 36230790 | S19: 352064002 | U19: =+J19-K19-S19 -> 0
B20: 2.1.1.01.01.001.07 | C20: Bonificación por servicios | D20: 2800957626 | I20: =+E20-F20-G20+H20 -> 0 | J20: =+D20+E20-G20+H20 -> 2800957626 | K20: =+L20 -> 2644801412 | L20: =+N20 -> 2644801412 | M20: =+L20/J20 -> 0.94424899 | N20: =+P20+Q20 -> 2644801412 | O20: =+N20/J20 -> 0.94424899 | P20: 2607177115 | Q20: 37624297 | S20: 156156214 | U20: =+J20-K20-S20 -> 0
B21: 2.1.1.01.01.001.08 | C21: Prestaciones sociales | D21: =+SUM(D22:D23) -> 13840150715 | E21: =+SUM(E22:E23) -> 0 | F21: =+SUM(F22:F23) -> 0 | G21: =+SUM(G22:G23) -> 6100000000 | H21: =+SUM(H22:H23) -> 5900000000 | I21: =+SUM(I22:I23) -> -200000000 | J21: =+SUM(J22:J23) -> 13640150715 | K21: =+SUM(K22:K23) -> 13330396819 | L21: =+SUM(L22:L23) -> 13330396819 | M21: =+L21/J21 -> 0.97729102 | N21: =+SUM(N22:N23) -> 13330396819 | O21: =+N21/J21 -> 0.97729102 | P21: =+SUM(P22:P23) -> 13111271316 | Q21: =+SUM(Q22:Q23) -> 219125503 | R21: =+SUM(R22:R23) -> 0 | S21: =+SUM(S22:S23) -> 309753896 | T21: =+SUM(T22:T23) -> 0 | U21: =+J21-K21-S21 -> 0
B22: 2.1.1.01.01.001.08.01 | C22: Prima de navidad | D22: 9274897784 | G22: 6100000000 | H22: 5900000000 | I22: =+E22-F22-G22+H22 -> -200000000 | J22: =+D22+E22-G22+H22 -> 9074897784 | K22: =+L22 -> 9024649038 | L22: =+N22 -> 9024649038 | M22: =+L22/J22 -> 0.99446289 | N22: =+P22+Q22 -> 9024649038 | O22: =+N22/J22 -> 0.99446289 | P22: 8876434786 | Q22: 148214252 | S22: 50248746 | U22: =+J22-K22-S22 -> 0
B23: 2.1.1.01.01.001.08.02 | C23: Prima de vacaciones | D23: 4565252931 | I23: =+E23-F23-G23+H23 -> 0 | J23: =+D23+E23-G23+H23 -> 4565252931 | K23: =+L23 -> 4305747781 | L23: =+N23 -> 4305747781 | M23: =+L23/J23 -> 0.94315646 | N23: =+P23+Q23 -> 4305747781 | O23: =+N23/J23 -> 0.94315646 | P23: 4234836530 | Q23: 70911251 | S23: 259505150 | U23: =+J23-K23-S23 -> 0
B24: 2.1.1.01.01.002 | C24: Factores salariales especi | D24: =+D25 -> 2657211 | E24: =+E25 -> 0 | F24: =+F25 -> 0 | G24: =+G25 -> 0 | H24: =+H25 -> 4000000 | I24: =+I25 -> 4000000 | J24: =+J25 -> 6657211 | K24: =+K25 -> 5763682 | L24: =+L25 -> 5763682 | M24: =+L24/J24 -> 0.86578028 | N24: =+N25 -> 5763682 | O24: =+N24/J24 -> 0.86578028 | P24: =+P25 -> 5763682 | Q24: =+Q25 -> 0 | R24: =+R25 -> 0 | S24: =+S25 -> 893529 | T24: =+T25 -> 0 | U24: =+J24-K24-S24 -> 0
B25: 2.1.1.01.01.002.12 | C25: Prima de antigüedad | D25: =+D26 -> 2657211 | E25: =+E26 -> 0 | F25: =+F26 -> 0 | G25: =+G26 -> 0 | H25: =+H26 -> 4000000 | I25: =+I26 -> 4000000 | J25: =+J26 -> 6657211 | K25: =+K26 -> 5763682 | L25: =+L26 -> 5763682 | M25: =+L25/J25 -> 0.86578028 | N25: =+N26 -> 5763682 | O25: =+N25/J25 -> 0.86578028 | P25: =+P26 -> 5763682 | Q25: =+Q26 -> 0 | R25: =+R26 -> 0 | S25: =+S26 -> 893529 | T25: =+T26 -> 0 | U25: =+J25-K25-S25 -> 0
B26: 2.1.1.01.01.002.12.01 | C26: Prima de antigüedad - Bene | D26: 2657211 | H26: 4000000 | I26: =+E26-F26-G26+H26 -> 4000000 | J26: =+D26+E26-G26+H26 -> 6657211 | K26: =+L26 -> 5763682 | L26: =+N26 -> 5763682 | M26: =+L26/J26 -> 0.86578028 | N26: =+P26+Q26 -> 5763682 | O26: =+N26/J26 -> 0.86578028 | P26: 5763682 | S26: 893529 | U26: =+J26-K26-S26 -> 0
B27: 2.1.1.01.02 | C27: Contribuciones inherentes | D27: =+SUM(D28:D34) -> 45330593088 | E27: =+SUM(E28:E34) -> 0 | F27: =+SUM(F28:F34) -> 0 | G27: =+SUM(G28:G34) -> 8291647639 | H27: =+SUM(H28:H34) -> 9521647000 | I27: =+SUM(I28:I34) -> 1229999361 | J27: =+SUM(J28:J34) -> 46560592449 | K27: =+SUM(K28:K34) -> 45339971461 | L27: =+SUM(L28:L34) -> 45339971461 | M27: =+L27/J27 -> 0.97378425 | N27: =+SUM(N28:N34) -> 45339971461 | O27: =+N27/J27 -> 0.97378425 | P27: =+SUM(P28:P34) -> 42108348106 | Q27: =+SUM(Q28:Q34) -> 3231623355 | R27: =+SUM(R28:R34) -> 0 | S27: =+SUM(S28:S34) -> 1220620988 | T27: =+SUM(T28:T34) -> 0 | U27: =+J27-K27-S27 -> 0
B28: 2.1.1.01.02.001 | C28: Aportes a la seguridad soc | D28: 13121434937 | G28: 4000000000 | H28: 5000000000 | I28: =+E28-F28-G28+H28 -> 1000000000 | J28: =+D28+E28-G28+H28 -> 14121434937 | K28: =+L28 -> 13869121638 | L28: =+N28 -> 13869121638 | M28: =+L28/J28 -> 0.9821326 | N28: =+P28+Q28 -> 13869121638 | O28: =+N28/J28 -> 0.9821326 | P28: 12739529500 | Q28: 1129592138 | S28: 252313299 | U28: =+J28-K28-S28 -> 0
B29: 2.1.1.01.02.002 | C29: Aportes a la seguridad soc | D29: 9294349747 | G29: 3000000000 | H29: 3814647000 | I29: =+E29-F29-G29+H29 -> 814647000 | J29: =+D29+E29-G29+H29 -> 10108996747 | K29: =+L29 -> 10084555696 | L29: =+N29 -> 10084555696 | M29: =+L29/J29 -> 0.99758225 | N29: =+P29+Q29 -> 10084555696 | O29: =+N29/J29 -> 0.99758225 | P29: 9265635358 | Q29: 818920338 | S29: 24441051 | U29: =+J29-K29-S29 -> 0
B30: 2.1.1.01.02.003 | C30: Aportes de Cesantías - ces | D30: 8580428579 | G30: 291647639 | I30: =+E30-F30-G30+H30 -> -291647639 | J30: =+D30+E30-G30+H30 -> 8288780940 | K30: =+L30 -> 8104515227 | L30: =+N30 -> 8104515227 | M30: =+L30/J30 -> 0.97776926 | N30: =+P30+Q30 -> 8104515227 | O30: =+N30/J30 -> 0.97776926 | P30: 7925572648 | Q30: 178942579 | S30: 184265713 | U30: =+J30-K30-S30 -> 0
B31: 2.1.1.01.02.004 | C31: Aportes a Cajas de compens | D31: 5214385536 | G31: 1000000000 | H31: 707000000 | I31: =+E31-F31-G31+H31 -> -293000000 | J31: =+D31+E31-G31+H31 -> 4921385536 | K31: =+L31 -> 4921146400 | L31: =+N31 -> 4921146400 | M31: =+L31/J31 -> 0.99995141 | N31: =+P31+Q31 -> 4921146400 | O31: =+N31/J31 -> 0.99995141 | P31: 4503149000 | Q31: 417997400 | S31: 239136 | U31: =+J31-K31-S31 -> 0
B32: 2.1.1.01.02.005 | C32: Aportes generales al siste | D32: 2602012369 | I32: =+E32-F32-G32+H32 -> 0 | J32: =+D32+E32-G32+H32 -> 2602012369 | K32: =+L32 -> 2208197800 | L32: =+N32 -> 2208197800 | M32: =+L32/J32 -> 0.84865 | N32: =+P32+Q32 -> 2208197800 | O32: =+N32/J32 -> 0.84865 | P32: 2044465700 | Q32: 163732100 | S32: 393814569 | U32: =+J32-K32-S32 -> 0
B33: 2.1.1.01.02.006 | C33: Aportes al ICBF | D33: 3910789152 | I33: =+E33-F33-G33+H33 -> 0 | J33: =+D33+E33-G33+H33 -> 3910789152 | K33: =+L33 -> 3691218800 | L33: =+N33 -> 3691218800 | M33: =+L33/J33 -> 0.94385523 | N33: =+P33+Q33 -> 3691218800 | O33: =+N33/J33 -> 0.94385523 | P33: 3377826700 | Q33: 313392100 | S33: 219570352 | U33: =+J33-K33-S33 -> 0
B34: 2.1.1.01.02.007 | C34: Aportes al Sena | D34: 2607192768 | I34: =+E34-F34-G34+H34 -> 0 | J34: =+D34+E34-G34+H34 -> 2607192768 | K34: =+L34 -> 2461215900 | L34: =+N34 -> 2461215900 | M34: =+L34/J34 -> 0.94400994 | N34: =+P34+Q34 -> 2461215900 | O34: =+N34/J34 -> 0.94400994 | P34: 2252169200 | Q34: 209046700 | S34: 145976868 | U34: =+J34-K34-S34 -> 0
B35: 2.1.1.01.03 | C35: Remuneraciones no constitu | D35: =+D36+D40+D54+D55+D56 -> 4982948861 | E35: =+E36+E40+E54+E55+E56 -> 0 | F35: =+F36+F40+F54+F55+F56 -> 0 | G35: =+G36+G40+G54+G55+G56 -> 687044809 | H35: =+H36+H40+H54+H55+H56 -> 102671287 | I35: =+I36+I40+I54+I55+I56 -> -584373522 | J35: =+J36+J40+J54+J55+J56 -> 4398575339 | K35: =+K36+K40+K54+K55+K56 -> 3585729002 | L35: =+L36+L40+L54+L55+L56 -> 3585729002 | M35: =+L35/J35 -> 0.81520236 | N35: =+N36+N40+N54+N55+N56 -> 3585729002 | O35: =+N35/J35 -> 0.81520236 | P35: =+P36+P40+P54+P55+P56 -> 3376762828 | Q35: =+Q36+Q40+Q54+Q55+Q56 -> 208966174 | R35: =+R36+R40+R54+R55+R56 -> 0 | S35: =+S36+S40+S54+S55+S56 -> 812846337 | T35: =+T36+T40+T54+T55+T56 -> 0 | U35: =+J35-K35-S35 -> 0
B36: 2.1.1.01.03.001 | C36: Prestaciones sociales | D36: =+SUM(D37:D39) -> 941918822 | E36: =+SUM(E37:E39) -> 0 | F36: =+SUM(F37:F39) -> 0 | G36: =+SUM(G37:G39) -> 387611042 | H36: =+SUM(H37:H39) -> 6471287 | I36: =+SUM(I37:I39) -> -381139755 | J36: =+SUM(J37:J39) -> 560779067 | K36: =+SUM(K37:K39) -> 528633713 | L36: =+SUM(L37:L39) -> 528633713 | M36: =+L36/J36 -> 0.94267733 | N36: =+SUM(N37:N39) -> 528633713 | O36: =+N36/J36 -> 0.94267733 | P36: =+SUM(P37:P39) -> 519703657 | Q36: =+SUM(Q37:Q39) -> 8930056 | R36: =+SUM(R37:R39) -> 0 | S36: =+SUM(S37:S39) -> 32145354 | T36: =+SUM(T37:T39) -> 0 | U36: =+J36-K36-S36 -> 0
B37: 2.1.1.01.03.001.02 | C37: Indemnización por vacacion | D37: 385184279 | G37: 385184279 | I37: =+E37-F37-G37+H37 -> -385184279 | J37: =+D37+E37-G37+H37 -> 0 | K37: =+L37 -> 0 | L37: =+N37 -> 0 | M37: =+L37/J37 -> #DIV/0! | N37: =+P37+Q37 -> 0 | O37: =+N37/J37 -> #DIV/0! | U37: =+J37-K37-S37 -> 0
B38: 2.1.1.01.03.001.03 | C38: Bonificación especial por | D38: 556734543 | G38: 2426763 | I38: =+E38-F38-G38+H38 -> -2426763 | J38: =+D38+E38-G38+H38 -> 554307780 | K38: =+L38 -> 523526213 | L38: =+N38 -> 523526213 | M38: =+L38/J38 -> 0.94446846 | N38: =+P38+Q38 -> 523526213 | O38: =+N38/J38 -> 0.94446846 | P38: 514596157 | Q38: 8930056 | S38: 30781567 | U38: =+J38-K38-S38 -> 0
B39: 2.1.1.01.03.001.04 | C39: Subsidio familiar | D39: 0 | H39: 6471287 | I39: =+E39-F39-G39+H39 -> 6471287 | J39: =+D39+E39-G39+H39 -> 6471287 | K39: =+L39 -> 5107500 | L39: =+N39 -> 5107500 | M39: =+L39/J39 -> 0.78925568 | N39: =+P39+Q39 -> 5107500 | O39: =+N39/J39 -> 0.78925568 | P39: 5107500 | S39: 1363787 | U39: =+J39-K39-S39 -> 0
B40: 2.1.1.01.03.020 | C40: Estímulos a los empleados | D40: =+SUM(D41:D53) -> 3562508601 | E40: =+SUM(E41:E53) -> 0 | F40: =+SUM(F41:F53) -> 0 | G40: =+SUM(G41:G53) -> 299433767 | H40: =+SUM(H41:H53) -> 86000000 | I40: =+SUM(I41:I53) -> -213433767 | J40: =+SUM(J41:J53) -> 3349074834 | K40: =+SUM(K41:K53) -> 2575021779 | L40: =+SUM(L41:L53) -> 2575021779 | M40: =+L40/J40 -> 0.76887556 | N40: =+SUM(N41:N53) -> 2575021779 | O40: =+N40/J40 -> 0.76887556 | P40: =+SUM(P41:P53) -> 2375500772 | Q40: =+SUM(Q41:Q53) -> 199521007 | R40: =+SUM(R41:R53) -> 0 | S40: =+SUM(S41:S53) -> 774053055 | T40: =+SUM(T41:T53) -> 0 | U40: =+J40-K40-S40 -> 0
B41: 2.1.1.01.03.020.02 | C41: Prima especial para trabaj | D41: 251212773 | H41: 10000000 | I41: =+E41-F41-G41+H41 -> 10000000 | J41: =+D41+E41-G41+H41 -> 261212773 | K41: =+L41 -> 252536108 | L41: =+N41 -> 252536108 | M41: =+L41/J41 -> 0.96678315 | N41: =+P41+Q41 -> 252536108 | O41: =+N41/J41 -> 0.96678315 | P41: 251861922 | Q41: 674186 | S41: 8676665 | U41: =+J41-K41-S41 -> 0
B42: 2.1.1.01.03.020.03 | C42: Prima de educación para tr | D42: 39966100 | I42: =+E42-F42-G42+H42 -> 0 | J42: =+D42+E42-G42+H42 -> 39966100 | K42: =+L42 -> 11624950 | L42: =+N42 -> 11624950 | M42: =+L42/J42 -> 0.29087026 | N42: =+P42+Q42 -> 11624950 | O42: =+N42/J42 -> 0.29087026 | P42: 11624950 | S42: 28341150 | U42: =+J42-K42-S42 -> 0
B43: 2.1.1.01.03.020.04 | C43: Aguinaldo | D43: 1018354688 | I43: =+E43-F43-G43+H43 -> 0 | J43: =+D43+E43-G43+H43 -> 1018354688 | K43: =+L43 -> 886864312 | L43: =+N43 -> 886864312 | M43: =+L43/J43 -> 0.87087959 | N43: =+P43+Q43 -> 886864312 | O43: =+N43/J43 -> 0.87087959 | P43: 886864312 | S43: 131490376 | U43: =+J43-K43-S43 -> 0
B44: 2.1.1.01.03.020.05 | C44: Seguro de vida (Clausula | D44: 73396831 | I44: =+E44-F44-G44+H44 -> 0 | J44: =+D44+E44-G44+H44 -> 73396831 | K44: =+L44 -> 0 | L44: =+N44 -> 0 | M44: =+L44/J44 -> 0 | N44: =+P44+Q44 -> 0 | O44: =+N44/J44 -> 0 | S44: 73396831 | U44: =+J44-K44-S44 -> 0
B45: 2.1.1.01.03.020.06 | C45: Auxilio quirúrgico hospita | D45: 33495036 | I45: =+E45-F45-G45+H45 -> 0 | J45: =+D45+E45-G45+H45 -> 33495036 | K45: =+L45 -> 9199980 | L45: =+N45 -> 9199980 | M45: =+L45/J45 -> 0.27466697 | N45: =+P45+Q45 -> 9199980 | O45: =+N45/J45 -> 0.27466697 | P45: 9199980 | S45: 24295056 | U45: =+J45-K45-S45 -> 0
B46: 2.1.1.01.03.020.07 | C46: Auxilio para aros (Claus | D46: 4213271 | G46: 26528914 | H46: 33000000 | I46: =+E46-F46-G46+H46 -> 6471086 | J46: =+D46+E46-G46+H46 -> 10684357 | K46: =+L46 -> 10684104 | L46: =+N46 -> 10684104 | M46: =+L46/J46 -> 0.99997632 | N46: =+P46+Q46 -> 10684104 | O46: =+N46/J46 -> 0.99997632 | P46: 10684104 | S46: 253 | U46: =+J46-K46-S46 -> 0
B47: 2.1.1.01.03.020.08 | C47: Intereses a las cesantías | D47: 1182429372 | I47: =+E47-F47-G47+H47 -> 0 | J47: =+D47+E47-G47+H47 -> 1182429372 | K47: =+L47 -> 938262367 | L47: =+N47 -> 938262367 | M47: =+L47/J47 -> 0.79350394 | N47: =+P47+Q47 -> 938262367 | O47: =+N47/J47 -> 0.79350394 | P47: 926769257 | Q47: 11493110 | S47: 244167005 | U47: =+J47-K47-S47 -> 0
B48: 2.1.1.01.03.020.09 | C48: Gastos funerarios (Claus | D48: 45873020 | I48: =+E48-F48-G48+H48 -> 0 | J48: =+D48+E48-G48+H48 -> 45873020 | K48: =+L48 -> 20317600 | L48: =+N48 -> 20317600 | M48: =+L48/J48 -> 0.44290958 | N48: =+P48+Q48 -> 20317600 | O48: =+N48/J48 -> 0.44290958 | P48: 14517600 | Q48: 5800000 | S48: 25555420 | U48: =+J48-K48-S48 -> 0
B49: 2.1.1.01.03.020.10 | C49: Calamidad doméstica y urge | D49: 49641782 | I49: =+E49-F49-G49+H49 -> 0 | J49: =+D49+E49-G49+H49 -> 49641782 | K49: =+L49 -> 0 | L49: =+N49 -> 0 | M49: =+L49/J49 -> 0 | N49: =+P49+Q49 -> 0 | O49: =+N49/J49 -> 0 | S49: 49641782 | U49: =+J49-K49-S49 -> 0
B50: 2.1.1.01.03.020.11 | C50: Droga para trabajadores | D50: 29937120 | I50: =+E50-F50-G50+H50 -> 0 | J50: =+D50+E50-G50+H50 -> 29937120 | K50: =+L50 -> 0 | L50: =+N50 -> 0 | M50: =+L50/J50 -> 0 | N50: =+P50+Q50 -> 0 | O50: =+N50/J50 -> 0 | S50: 29937120 | U50: =+J50-K50-S50 -> 0
B51: 2.1.1.01.03.020.12 | C51: Becas y útiles de los hijo | D51: 201330517 | H51: 11000000 | I51: =+E51-F51-G51+H51 -> 11000000 | J51: =+D51+E51-G51+H51 -> 212330517 | K51: =+L51 -> 145619086 | L51: =+N51 -> 145619086 | M51: =+L51/J51 -> 0.68581327 | N51: =+P51+Q51 -> 145619086 | O51: =+N51/J51 -> 0.68581327 | P51: 136413548 | Q51: 9205538 | S51: 66711431 | U51: =+J51-K51-S51 -> 0
B52: 2.1.1.01.03.020.13 | C52: Dotación y suministro a em | D52: 524349171 | G52: 271890119 | I52: =+E52-F52-G52+H52 -> -271890119 | J52: =+D52+E52-G52+H52 -> 252459052 | K52: =+L52 -> 160619086 | L52: =+N52 -> 160619086 | M52: =+L52/J52 -> 0.63621837 | N52: =+P52+Q52 -> 160619086 | O52: =+N52/J52 -> 0.63621837 | P52: 32087937 | Q52: 128531149 | S52: 91839966 | U52: =+J52-K52-S52 -> 0
B53: 2.1.1.01.03.020.14 | C53: Auxilios sindicales (Cla | D53: 108308920 | G53: 1014734 | H53: 32000000 | I53: =+E53-F53-G53+H53 -> 30985266 | J53: =+D53+E53-G53+H53 -> 139294186 | K53: =+L53 -> 139294186 | L53: =+N53 -> 139294186 | M53: =+L53/J53 -> 1 | N53: =+P53+Q53 -> 139294186 | O53: =+N53/J53 -> 1 | P53: 95477162 | Q53: 43817024 | U53: =+J53-K53-S53 -> 0
B54: 2.1.1.01.03.093 | C54: Prima de maternidad | D54: 3866887 | I54: =+E54-F54-G54+H54 -> 0 | J54: =+D54+E54-G54+H54 -> 3866887 | K54: =+L54 -> 0 | L54: =+N54 -> 0 | M54: =+L54/J54 -> 0 | N54: =+P54+Q54 -> 0 | O54: =+N54/J54 -> 0 | S54: 3866887 | U54: =+J54-K54-S54 -> 0
B55: 2.1.1.02.03.087 | C55: Prima de transporte y manu | D55: 472769358 | H55: 10200000 | I55: =+E55-F55-G55+H55 -> 10200000 | J55: =+D55+E55-G55+H55 -> 482969358 | K55: =+L55 -> 482073510 | L55: =+N55 -> 482073510 | M55: =+L55/J55 -> 0.99814512 | N55: =+P55+Q55 -> 482073510 | O55: =+N55/J55 -> 0.99814512 | P55: 481558399 | Q55: 515111 | S55: 895848 | U55: =+J55-K55-S55 -> 0
B56: 2.1.1.02.03.088 | C56: Prima de matrimonio | D56: 1885193 | I56: =+E56-F56-G56+H56 -> 0 | J56: =+D56+E56-G56+H56 -> 1885193 | K56: =+L56 -> 0 | L56: =+N56 -> 0 | M56: =+L56/J56 -> 0 | N56: =+P56+Q56 -> 0 | O56: =+N56/J56 -> 0 | S56: 1885193 | U56: =+J56-K56-S56 -> 0
B57: 2.1.2 | C57: Adquisición de Bienes y Se | D57: =+D58 -> 112470283964 | E57: =+E58 -> 108202762635 | F57: =+F58 -> 0 | G57: =+G58 -> 121095033330 | H57: =+H58 -> 120824372483 | I57: =+I58 -> 107932101788 | J57: =+J58 -> 220402385752 | K57: =+K58 -> 203726189529 | L57: =+L58 -> 203726189529 | M57: =+L57/J57 -> 0.9243375 | N57: =+N58 -> 203726189529 | O57: =+N57/J57 -> 0.9243375 | P57: =+P58 -> 159956182994 | Q57: =+Q58 -> 43770006535 | R57: =+R58 -> 0 | S57: =+S58 -> 16676196224 | T57: =+T58 -> 0 | U57: =+J57-K57-S57 -> -1
B58: 2.1.2.02 | C58: Adquisición diferentes de | D58: =+D59+D63 -> 112470283964 | E58: =+E59+E63 -> 108202762635 | F58: =+F59+F63 -> 0 | G58: =+G59+G63 -> 121095033330 | H58: =+H59+H63 -> 120824372483 | I58: =+I59+I63 -> 107932101788 | J58: =+J59+J63 -> 220402385752 | K58: =+K59+K63 -> 203726189529 | L58: =+L59+L63 -> 203726189529 | M58: =+L58/J58 -> 0.9243375 | N58: =+N59+N63 -> 203726189529 | O58: =+N58/J58 -> 0.9243375 | P58: =+P59+P63 -> 159956182994 | Q58: =+Q59+Q63 -> 43770006535 | R58: =+R59+R63 -> 0 | S58: =+S59+S63 -> 16676196224 | T58: =+T59+T63 -> 0 | U58: =+J58-K58-S58 -> -1
B59: 2.1.2.02.01 | C59: Materiales y suministros | D59: =+D60 -> 6161856219 | E59: =+E60 -> 19700000000 | F59: =+F60 -> 0 | G59: =+G60 -> 15070000000 | H59: =+H60 -> 28472957863 | I59: =+I60 -> 33102957863 | J59: =+J60 -> 39264814082 | K59: =+K60 -> 33303316672 | L59: =+L60 -> 33303316672 | M59: =+L59/J59 -> 0.84817202 | N59: =+N60 -> 33303316672 | O59: =+N59/J59 -> 0.84817202 | P59: =+P60 -> 21093713470 | Q59: =+Q60 -> 12209603202 | R59: =+R60 -> 0 | S59: =+S60 -> 5961497410 | T59: =+T60 -> 0 | U59: =+J59-K59-S59 -> 0
B60: 2.1.2.02.01.003 | C60: Otros bienes transportable | D60: =+SUM(D61:D62) -> 6161856219 | E60: =+SUM(E61:E62) -> 19700000000 | F60: =+SUM(F61:F62) -> 0 | G60: =+SUM(G61:G62) -> 15070000000 | H60: =+SUM(H61:H62) -> 28472957863 | I60: =+SUM(I61:I62) -> 33102957863 | J60: =+SUM(J61:J62) -> 39264814082 | K60: =+SUM(K61:K62) -> 33303316672 | L60: =+SUM(L61:L62) -> 33303316672 | M60: =+L60/J60 -> 0.84817202 | N60: =+SUM(N61:N62) -> 33303316672 | O60: =+N60/J60 -> 0.84817202 | P60: =+SUM(P61:P62) -> 21093713470 | Q60: =+SUM(Q61:Q62) -> 12209603202 | R60: =+SUM(R61:R62) -> 0 | S60: =+SUM(S61:S62) -> 5961497410 | T60: =+SUM(T61:T62) -> 0 | U60: =+J60-K60-S60 -> 0
B61: 2.1.2.02.01.003.01 | C61: Materiales y suministros | D61: 5698297755 | E61: 19700000000 | G61: 14880000000 | H61: 28087988860 | I61: =+E61-F61-G61+H61 -> 32907988860 | J61: =+D61+E61-G61+H61 -> 38606286615 | K61: =+L61 -> 32793203620 | L61: =+N61 -> 32793203620 | M61: =+L61/J61 -> 0.84942652 | N61: =+P61+Q61 -> 32793203620 | O61: =+N61/J61 -> 0.84942652 | P61: 20631645096 | Q61: 12161558524 | S61: 5813082995 | U61: =+J61-K61-S61 -> 0
B62: 2.1.2.02.01.003.02 | C62: Combustibles y lubricantes | D62: 463558464 | G62: 190000000 | H62: 384969003 | I62: =+E62-F62-G62+H62 -> 194969003 | J62: =+D62+E62-G62+H62 -> 658527467 | K62: =+L62 -> 510113052 | L62: =+N62 -> 510113052 | M62: =+L62/J62 -> 0.77462684 | N62: =+P62+Q62 -> 510113052 | O62: =+N62/J62 -> 0.77462684 | P62: 462068374 | Q62: 48044678 | S62: 148414415 | U62: =+J62-K62-S62 -> 0
B63: 2.1.2.02.02 | C63: Adquisición de servicios | D63: =+D64+D67+D71+D82+D86 -> 106308427745 | E63: =+E64+E67+E71+E82+E86 -> 88502762635 | F63: =+F64+F67+F71+F82+F86 -> 0 | G63: =+G64+G67+G71+G82+G86 -> 106025033330 | H63: =+H64+H67+H71+H82+H86 -> 92351414620 | I63: =+I64+I67+I71+I82+I86 -> 74829143925 | J63: =+J64+J67+J71+J82+J86 -> 181137571670 | K63: =+K64+K67+K71+K82+K86 -> 170422872857 | L63: =+L64+L67+L71+L82+L86 -> 170422872857 | M63: =+L63/J63 -> 0.94084773 | N63: =+N64+N67+N71+N82+N86 -> 170422872857 | O63: =+N63/J63 -> 0.94084773 | P63: =+P64+P67+P71+P82+P86 -> 138862469524 | Q63: =+Q64+Q67+Q71+Q82+Q86 -> 31560403333 | R63: =+R64+R67+R71+R82+R86 -> 0 | S63: =+S64+S67+S71+S82+S86 -> 10714698814 | T63: =+T64+T67+T71+T82+T86 -> 0 | U63: =+J63-K63-S63 -> -1
B64: 2.1.2.02.02.006 | C64: Servicios de alojamiento; | D64: =+SUM(D65:D66) -> 6568436320 | E64: =+SUM(E65:E66) -> 23300000000 | F64: =+SUM(F65:F66) -> 0 | G64: =+SUM(G65:G66) -> 20432251723 | H64: =+SUM(H65:H66) -> 6191916071 | I64: =+SUM(I65:I66) -> 9059664348 | J64: =+SUM(J65:J66) -> 15628100668 | K64: =+SUM(K65:K66) -> 12948094298 | L64: =+SUM(L65:L66) -> 12948094298 | M64: =+L64/J64 -> 0.82851362 | N64: =+SUM(N65:N66) -> 12948094298 | O64: =+N64/J64 -> 0.82851362 | P64: =+SUM(P65:P66) -> 10534270375 | Q64: =+SUM(Q65:Q66) -> 2413823923 | R64: =+SUM(R65:R66) -> 0 | S64: =+SUM(S65:S66) -> 2680006370 | T64: =+SUM(T65:T66) -> 0 | U64: =+J64-K64-S64 -> 0
B65: 2.1.2.02.02.006.01 | C65: Servicios públicos | D65: 3894621869 | E65: 10000000000 | G65: 10132251723 | H65: 1280000000 | I65: =+E65-F65-G65+H65 -> 1147748277 | J65: =+D65+E65-G65+H65 -> 5042370146 | K65: =+L65 -> 4592623044 | L65: =+N65 -> 4592623044 | M65: =+L65/J65 -> 0.91080641 | N65: =+P65+Q65 -> 4592623044 | O65: =+N65/J65 -> 0.91080641 | P65: 4592383344 | Q65: 239700 | S65: 449747102 | U65: =+J65-K65-S65 -> 0
B66: 2.1.2.02.02.006.02 | C66: Transporte | D66: 2673814451 | E66: 13300000000 | G66: 10300000000 | H66: 4911916071 | I66: =+E66-F66-G66+H66 -> 7911916071 | J66: =+D66+E66-G66+H66 -> 10585730522 | K66: =+L66 -> 8355471254 | L66: =+N66 -> 8355471254 | M66: =+L66/J66 -> 0.78931456 | N66: =+P66+Q66 -> 8355471254 | O66: =+N66/J66 -> 0.78931456 | P66: 5941887031 | Q66: 2413584223 | S66: 2230259268 | U66: =+J66-K66-S66 -> 0
B67: 2.1.2.02.02.007 | C67: Servicios financieros y se | D67: =+SUM(D68:D70) -> 3477530599 | E67: =+SUM(E68:E70) -> 10500000000 | F67: =+SUM(F68:F70) -> 0 | G67: =+SUM(G68:G70) -> 10905100000 | H67: =+SUM(H68:H70) -> 5231845348 | I67: =+SUM(I68:I70) -> 4826745348 | J67: =+SUM(J68:J70) -> 8304275947 | K67: =+SUM(K68:K70) -> 7091454695 | L67: =+SUM(L68:L70) -> 7091454695 | M67: =+L67/J67 -> 0.8539522 | N67: =+SUM(N68:N70) -> 7091454695 | O67: =+N67/J67 -> 0.8539522 | P67: =+SUM(P68:P70) -> 4759286036 | Q67: =+SUM(Q68:Q70) -> 2332168659 | R67: =+SUM(R68:R70) -> 0 | S67: =+SUM(S68:S70) -> 1212821252 | T67: =+SUM(T68:T70) -> 0 | U67: =+J67-K67-S67 -> 0
B68: 2.1.2.02.02.007.01 | C68: Arrendamientos | D68: 1547171818 | E68: 10500000000 | G68: 9905100000 | H68: 1382075799 | I68: =+E68-F68-G68+H68 -> 1976975799 | J68: =+D68+E68-G68+H68 -> 3524147617 | K68: =+L68 -> 2761505128 | L68: =+N68 -> 2761505128 | M68: =+L68/J68 -> 0.78359519 | N68: =+P68+Q68 -> 2761505128 | O68: =+N68/J68 -> 0.78359519 | P68: 2212301258 | Q68: 549203870 | S68: 762642489 | U68: =+J68-K68-S68 -> 0
B69: 2.1.2.02.02.007.02 | C69: Seguros | D69: 1630358781 | G69: 1000000000 | H69: 2933438362 | I69: =+E69-F69-G69+H69 -> 1933438362 | J69: =+D69+E69-G69+H69 -> 3563797143 | K69: =+L69 -> 3470942710 | L69: =+N69 -> 3470942710 | M69: =+L69/J69 -> 0.97394508 | N69: =+P69+Q69 -> 3470942710 | O69: =+N69/J69 -> 0.97394508 | P69: 1687977921 | Q69: 1782964789 | S69: 92854433 | U69: =+J69-K69-S69 -> 0
B70: 2.1.2.02.02.007.03 | C70: Comisiones y gastos bancar | D70: 300000000 | H70: 916331187 | I70: =+E70-F70-G70+H70 -> 916331187 | J70: =+D70+E70-G70+H70 -> 1216331187 | K70: =+L70 -> 859006857 | L70: =+N70 -> 859006857 | M70: =+L70/J70 -> 0.70622777 | N70: =+P70+Q70 -> 859006857 | O70: =+N70/J70 -> 0.70622777 | P70: 859006857 | S70: 357324330 | U70: =+J70-K70-S70 -> 0
B71: 2.1.2.02.02.008 | C71: Servicios prestados a las | D71: =+SUM(D72:D81) -> 34345533102 | E71: =+SUM(E72:E81) -> 5450000000 | F71: =+SUM(F72:F81) -> 0 | G71: =+SUM(G72:G81) -> 30115000000 | H71: =+SUM(H72:H81) -> 33114168697 | I71: =+SUM(I72:I81) -> 8449168697 | J71: =+SUM(J72:J81) -> 42794701799 | K71: =+SUM(K72:K81) -> 36257712788 | L71: =+SUM(L72:L81) -> 36257712788 | M71: =+L71/J71 -> 0.8472477 | N71: =+SUM(N72:N81) -> 36257712788 | O71: =+N71/J71 -> 0.8472477 | P71: =+SUM(P72:P81) -> 22181323150 | Q71: =+SUM(Q72:Q81) -> 14076389638 | R71: =+SUM(R72:R81) -> 0 | S71: =+SUM(S72:S81) -> 6536989011 | T71: =+SUM(T72:T81) -> 0 | U71: =+J71-K71-S71 -> 0
B72: 2.1.2.02.02.008.01 | C72: Mantenimiento | D72: 20616455770 | E72: 450000000 | G72: 24580000000 | H72: 28616860740 | I72: =+E72-F72-G72+H72 -> 4486860740 | J72: =+D72+E72-G72+H72 -> 25103316510 | K72: =+L72 -> 19853583929 | L72: =+N72 -> 19853583929 | M72: =+L72/J72 -> 0.79087494 | N72: =+P72+Q72 -> 19853583929 | O72: =+N72/J72 -> 0.79087494 | P72: 11293488778 | Q72: 8560095151 | S72: 5249732581 | U72: =+J72-K72-S72 -> 0
B73: 2.1.2.02.02.008.02 | C73: Publicidad y propaganda | D73: 51414840 | G73: 25000000 | H73: 50000000 | I73: =+E73-F73-G73+H73 -> 25000000 | J73: =+D73+E73-G73+H73 -> 76414840 | K73: =+L73 -> 23811621 | L73: =+N73 -> 23811621 | M73: =+L73/J73 -> 0.3116099 | N73: =+P73+Q73 -> 23811621 | O73: =+N73/J73 -> 0.3116099 | P73: 23811621 | S73: 52603219 | U73: =+J73-K73-S73 -> 0
B74: 2.1.2.02.02.008.03 | C74: Comunicaciones | D74: 1390333333 | G74: 30000000 | H74: 1050902341 | I74: =+E74-F74-G74+H74 -> 1020902341 | J74: =+D74+E74-G74+H74 -> 2411235674 | K74: =+L74 -> 1899009713 | L74: =+N74 -> 1899009713 | M74: =+L74/J74 -> 0.78756703 | N74: =+P74+Q74 -> 1899009713 | O74: =+N74/J74 -> 0.78756703 | P74: 1608365313 | Q74: 290644400 | S74: 512225961 | U74: =+J74-K74-S74 -> 0
B75: 2.1.2.02.02.008.04 | C75: Gastos de salud ocupaciona | D75: 312954738 | H75: 36224551 | I75: =+E75-F75-G75+H75 -> 36224551 | J75: =+D75+E75-G75+H75 -> 349179289 | K75: =+L75 -> 147583796 | L75: =+N75 -> 147583796 | M75: =+L75/J75 -> 0.42265908 | N75: =+P75+Q75 -> 147583796 | O75: =+N75/J75 -> 0.42265908 | P75: 37974034 | Q75: 109609762 | S75: 201595493 | U75: =+J75-K75-S75 -> 0
B76: 2.1.2.02.02.008.05 | C76: Impresos y publicaciones | D76: 99728200 | H76: 76000000 | I76: =+E76-F76-G76+H76 -> 76000000 | J76: =+D76+E76-G76+H76 -> 175728200 | K76: =+L76 -> 155559913 | L76: =+N76 -> 155559913 | M76: =+L76/J76 -> 0.88523022 | N76: =+P76+Q76 -> 155559913 | O76: =+N76/J76 -> 0.88523022 | P76: 154159307 | Q76: 1400606 | S76: 20168287 | U76: =+J76-K76-S76 -> 0
B77: 2.1.2.02.02.008.06 | C77: Servicio de aseo | D77: 4791600000 | H77: 1733045467 | I77: =+E77-F77-G77+H77 -> 1733045467 | J77: =+D77+E77-G77+H77 -> 6524645467 | K77: =+L77 -> 6484911375 | L77: =+N77 -> 6484911375 | M77: =+L77/J77 -> 0.99391015 | N77: =+P77+Q77 -> 6484911375 | O77: =+N77/J77 -> 0.99391015 | P77: 3941041171 | Q77: 2543870204 | S77: 39734092 | U77: =+J77-K77-S77 -> 0
B78: 2.1.2.02.02.008.07 | C78: Servicio de vigilancia | D78: 5236567873 | H78: 1395773905 | I78: =+E78-F78-G78+H78 -> 1395773905 | J78: =+D78+E78-G78+H78 -> 6632341778 | K78: =+L78 -> 6193361648 | L78: =+N78 -> 6193361648 | M78: =+L78/J78 -> 0.9338122 | N78: =+P78+Q78 -> 6193361648 | O78: =+N78/J78 -> 0.9338122 | P78: 4011133737 | Q78: 2182227911 | S78: 438980130 | U78: =+J78-K78-S78 -> 0
B79: 2.1.2.02.02.008.08 | C79: Gastos legales y notariale | D79: 24099137 | I79: =+E79-F79-G79+H79 -> 0 | J79: =+D79+E79-G79+H79 -> 24099137 | K79: =+L79 -> 5121049 | L79: =+N79 -> 5121049 | M79: =+L79/J79 -> 0.21249927 | N79: =+P79+Q79 -> 5121049 | O79: =+N79/J79 -> 0.21249927 | P79: 5121049 | S79: 18978088 | U79: =+J79-K79-S79 -> 0
B80: 2.1.2.02.02.008.09 | C80: Suscripciones y afiliacion | D80: 60026758 | H80: 16306663 | I80: =+E80-F80-G80+H80 -> 16306663 | J80: =+D80+E80-G80+H80 -> 76333421 | K80: =+L80 -> 75947722 | L80: =+N80 -> 75947722 | M80: =+L80/J80 -> 0.99494718 | N80: =+P80+Q80 -> 75947722 | O80: =+N80/J80 -> 0.99494718 | P80: 47406033 | Q80: 28541689 | S80: 385699 | U80: =+J80-K80-S80 -> 0
B81: 2.1.2.02.02.008.10 | C81: Lavandería | D81: 1762352453 | E81: 5000000000 | G81: 5480000000 | H81: 139055030 | I81: =+E81-F81-G81+H81 -> -340944970 | J81: =+D81+E81-G81+H81 -> 1421407483 | K81: =+L81 -> 1418822022 | L81: =+N81 -> 1418822022 | M81: =+L81/J81 -> 0.99818106 | N81: =+P81+Q81 -> 1418822022 | O81: =+N81/J81 -> 0.99818106 | P81: 1058822107 | Q81: 359999915 | S81: 2585461 | U81: =+J81-K81-S81 -> 0
B82: 2.1.2.02.02.009 | C82: Servicios para la comunida | D82: =+SUM(D83:D85) -> 61841982963 | E82: =+SUM(E83:E85) -> 49252762635 | F82: =+SUM(F83:F85) -> 0 | G82: =+SUM(G83:G85) -> 44566818500 | H82: =+SUM(H83:H85) -> 47804899112 | I82: =+SUM(I83:I85) -> 52490843247 | J82: =+SUM(J83:J85) -> 114332826210 | K82: =+SUM(K83:K85) -> 114113028556 | L82: =+SUM(L83:L85) -> 114113028556 | M82: =+L82/J82 -> 0.99807756 | N82: =+SUM(N83:N85) -> 114113028556 | O82: =+N82/J82 -> 0.99807756 | P82: =+SUM(P83:P85) -> 101375007443 | Q82: =+SUM(Q83:Q85) -> 12738021113 | R82: =+SUM(R83:R85) -> 0 | S82: =+SUM(S83:S85) -> 219797655 | T82: =+SUM(T83:T85) -> 0 | U82: =+J82-K82-S82 -> -1
B83: 2.1.2.02.02.009.01 | C83: Remuneracion por servicios | D83: 60279715366 | E83: 49252762635 | G83: 43726818500 | H83: 46471370137 | I83: =+E83-F83-G83+H83 -> 51997314272 | J83: =+D83+E83-G83+H83 -> 112277029638 | K83: =+L83 -> 112175400934 | L83: =+N83 -> 112175400934 | M83: =+L83/J83 -> 0.99909484 | N83: =+P83+Q83 -> 112175400934 | O83: =+N83/J83 -> 0.99909484 | P83: 100630578546 | Q83: 11544822388 | S83: 101628705 | U83: =+J83-K83-S83 -> -1
B84: 2.1.2.02.02.009.02 | C84: Honorarios | D84: 151677429 | H84: 660456726 | I84: =+E84-F84-G84+H84 -> 660456726 | J84: =+D84+E84-G84+H84 -> 812134155 | K84: =+L84 -> 775312708 | L84: =+N84 -> 775312708 | M84: =+L84/J84 -> 0.95466088 | N84: =+P84+Q84 -> 775312708 | O84: =+N84/J84 -> 0.95466088 | P84: 58628803 | Q84: 716683905 | S84: 36821447 | U84: =+J84-K84-S84 -> 0
B85: 2.1.2.02.02.009.03 | C85: Gastos de gestión ambienta | D85: 1410590168 | G85: 840000000 | H85: 673072249 | I85: =+E85-F85-G85+H85 -> -166927751 | J85: =+D85+E85-G85+H85 -> 1243662417 | K85: =+L85 -> 1162314914 | L85: =+N85 -> 1162314914 | M85: =+L85/J85 -> 0.93459037 | N85: =+P85+Q85 -> 1162314914 | O85: =+N85/J85 -> 0.93459037 | P85: 685800094 | Q85: 476514820 | S85: 81347503 | U85: =+J85-K85-S85 -> 0
B86: 2.1.2.02.02.010 | C86: Viáticos y gastos de viaje | D86: 74944761 | G86: 5863107 | H86: 8585392 | I86: =+E86-F86-G86+H86 -> 2722285 | J86: =+D86+E86-G86+H86 -> 77667046 | K86: =+L86 -> 12582520 | L86: =+N86 -> 12582520 | M86: =+L86/J86 -> 0.1620059 | N86: =+P86+Q86 -> 12582520 | O86: =+N86/J86 -> 0.1620059 | P86: 12582520 | S86: 65084526 | U86: =+J86-K86-S86 -> 0
B87: 2.1.3 | C87: Transferencias corrientes | D87: =+D88+D93 -> 6846782103 | E87: =+E88+E93 -> 0 | F87: =+F88+F93 -> 0 | G87: =+G88+G93 -> 1000000000 | H87: =+H88+H93 -> 2663655728 | I87: =+I88+I93 -> 1663655728 | J87: =+J88+J93 -> 8510437831 | K87: =+K88+K93 -> 8310685067 | L87: =+L88+L93 -> 8310685067 | M87: =+L87/J87 -> 0.9765285 | N87: =+N88+N93 -> 8310685067 | O87: =+N87/J87 -> 0.9765285 | P87: =+P88+P93 -> 7973144221 | Q87: =+Q88+Q93 -> 337540846 | R87: =+R88+R93 -> 0 | S87: =+S88+S93 -> 199752764 | T87: =+T88+T93 -> 0 | U87: =+J87-K87-S87 -> 0
B88: 2.1.3.07 | C88: Prestaciones para cubrir r | D88: =+D89 -> 5937282103 | E88: =+E89 -> 0 | F88: =+F89 -> 0 | G88: =+G89 -> 1000000000 | H88: =+H89 -> 1864600000 | I88: =+I89 -> 864600000 | J88: =+J89 -> 6801882103 | K88: =+K89 -> 6659949458 | L88: =+L89 -> 6659949458 | M88: =+L88/J88 -> 0.97913333 | N88: =+N89 -> 6659949458 | O88: =+N88/J88 -> 0.97913333 | P88: =+P89 -> 6633021502 | Q88: =+Q89 -> 26927956 | R88: =+R89 -> 0 | S88: =+S89 -> 141932645 | T88: =+T89 -> 0 | U88: =+J88-K88-S88 -> 0
B89: 2.1.3.07.02 | C89: Prestaciones sociales rela | D89: =+SUM(D90:D92) -> 5937282103 | E89: =+SUM(E90:E92) -> 0 | F89: =+SUM(F90:F92) -> 0 | G89: =+SUM(G90:G92) -> 1000000000 | H89: =+SUM(H90:H92) -> 1864600000 | I89: =+SUM(I90:I92) -> 864600000 | J89: =+SUM(J90:J92) -> 6801882103 | K89: =+SUM(K90:K92) -> 6659949458 | L89: =+SUM(L90:L92) -> 6659949458 | M89: =+L89/J89 -> 0.97913333 | N89: =+SUM(N90:N92) -> 6659949458 | O89: =+N89/J89 -> 0.97913333 | P89: =+SUM(P90:P92) -> 6633021502 | Q89: =+SUM(Q90:Q92) -> 26927956 | R89: =+SUM(R90:R92) -> 0 | S89: =+SUM(S90:S92) -> 141932645 | T89: =+SUM(T90:T92) -> 0 | U89: =+J89-K89-S89 -> 0
B90: 2.1.3.07.02.001 | C90: Pensiones de vejez y muert | D90: 5325038010 | G90: 1000000000 | H90: 1050000000 | I90: =+E90-F90-G90+H90 -> 50000000 | J90: =+D90+E90-G90+H90 -> 5375038010 | K90: =+L90 -> 5354664125 | L90: =+N90 -> 5354664125 | M90: =+L90/J90 -> 0.99620954 | N90: =+P90+Q90 -> 5354664125 | O90: =+N90/J90 -> 0.99620954 | P90: 5354664125 | S90: 20373885 | U90: =+J90-K90-S90 -> 0
B91: 2.1.3.07.02.002 | C91: Cuotas partes pensionales | D91: 296400137 | H91: 114600000 | I91: =+E91-F91-G91+H91 -> 114600000 | J91: =+D91+E91-G91+H91 -> 411000137 | K91: =+L91 -> 409632333 | L91: =+N91 -> 409632333 | M91: =+L91/J91 -> 0.99667201 | N91: =+P91+Q91 -> 409632333 | O91: =+N91/J91 -> 0.99667201 | P91: 382704377 | Q91: 26927956 | S91: 1367804 | U91: =+J91-K91-S91 -> 0
B92: 2.1.3.07.02.003 | C92: Bonos pensionales (de pens | D92: 315843956 | H92: 700000000 | I92: =+E92-F92-G92+H92 -> 700000000 | J92: =+D92+E92-G92+H92 -> 1015843956 | K92: =+L92 -> 895653000 | L92: =+N92 -> 895653000 | M92: =+L92/J92 -> 0.88168364 | N92: =+P92+Q92 -> 895653000 | O92: =+N92/J92 -> 0.88168364 | P92: 895653000 | S92: 120190956 | U92: =+J92-K92-S92 -> 0
B93: 2.1.3.13 | C93: Sentencias y conciliacione | D93: =+D94 -> 909500000 | E93: =+E94 -> 0 | F93: =+F94 -> 0 | G93: =+G94 -> 0 | H93: =+H94 -> 799055728 | I93: =+I94 -> 799055728 | J93: =+J94 -> 1708555728 | K93: =+K94 -> 1650735609 | L93: =+L94 -> 1650735609 | M93: =+L93/J93 -> 0.96615848 | N93: =+N94 -> 1650735609 | O93: =+N93/J93 -> 0.96615848 | P93: =+P94 -> 1340122719 | Q93: =+Q94 -> 310612890 | R93: =+R94 -> 0 | S93: =+S94 -> 57820119 | T93: =+T94 -> 0 | U93: =+J93-K93-S93 -> 0
B94: 2.1.3.13.01 | C94: Sentencias conciliaciones | D94: =+D95 -> 909500000 | E94: =+E95 -> 0 | F94: =+F95 -> 0 | G94: =+G95 -> 0 | H94: =+H95 -> 799055728 | I94: =+I95 -> 799055728 | J94: =+J95 -> 1708555728 | K94: =+K95 -> 1650735609 | L94: =+L95 -> 1650735609 | M94: =+L94/J94 -> 0.96615848 | N94: =+N95 -> 1650735609 | O94: =+N94/J94 -> 0.96615848 | P94: =+P95 -> 1340122719 | Q94: =+Q95 -> 310612890 | R94: =+R95 -> 0 | S94: =+S95 -> 57820119 | T94: =+T95 -> 0 | U94: =+J94-K94-S94 -> 0
B95: 2.1.3.13.01.001 | C95: Sentencias | D95: 909500000 | H95: 799055728 | I95: =+E95-F95-G95+H95 -> 799055728 | J95: =+D95+E95-G95+H95 -> 1708555728 | K95: =+L95 -> 1650735609 | L95: =+N95 -> 1650735609 | M95: =+L95/J95 -> 0.96615848 | N95: =+P95+Q95 -> 1650735609 | O95: =+N95/J95 -> 0.96615848 | P95: 1340122719 | Q95: 310612890 | S95: 57820119 | U95: =+J95-K95-S95 -> 0
B96: 2.1.4 | C96: Transferencias de capital | D96: =+D97 -> 1084445515 | E96: =+E97 -> 1528956301 | F96: =+F97 -> 0 | G96: =+G97 -> 1024853519 | H96: =+H97 -> 1742700056 | I96: =+I97 -> 2246802838 | J96: =+J97 -> 3331248353 | K96: =+K97 -> 2884425813 | L96: =+L97 -> 2884425813 | M96: =+L96/J96 -> 0.86586934 | N96: =+N97 -> 2884425813 | O96: =+N96/J96 -> 0.86586934 | P96: =+P97 -> 2051331685 | Q96: =+Q97 -> 833094128 | R96: =+R97 -> 0 | S96: =+S97 -> 446822540 | T96: =+T97 -> 0 | U96: =+J96-K96-S96 -> 0
B97: 2.1.4.02 | C97: Entidades del gobierno gen | D97: =+D98 -> 1084445515 | E97: =+E98 -> 1528956301 | F97: =+F98 -> 0 | G97: =+G98 -> 1024853519 | H97: =+H98 -> 1742700056 | I97: =+I98 -> 2246802838 | J97: =+J98 -> 3331248353 | K97: =+K98 -> 2884425813 | L97: =+L98 -> 2884425813 | M97: =+L97/J97 -> 0.86586934 | N97: =+N98 -> 2884425813 | O97: =+N97/J97 -> 0.86586934 | P97: =+P98 -> 2051331685 | Q97: =+Q98 -> 833094128 | R97: =+R98 -> 0 | S97: =+S98 -> 446822540 | T97: =+T98 -> 0 | U97: =+J97-K97-S97 -> 0
B98: 2.1.4.02.04 | C98: Otras transferecnias | D98: 1084445515 | E98: 1528956301 | G98: 1024853519 | H98: 1742700056 | I98: =+E98-F98-G98+H98 -> 2246802838 | J98: =+D98+E98-G98+H98 -> 3331248353 | K98: =+L98 -> 2884425813 | L98: =+N98 -> 2884425813 | M98: =+L98/J98 -> 0.86586934 | N98: =+P98+Q98 -> 2884425813 | O98: =+N98/J98 -> 0.86586934 | P98: 2051331685 | Q98: 833094128 | S98: 446822540 | U98: =+J98-K98-S98 -> 0
B99: 2.1.7 | C99: Disminución de pasivos | D99: =+D100 -> 2000000000 | E99: =+E100 -> 0 | F99: =+F100 -> 0 | G99: =+G100 -> 699346150 | H99: =+H100 -> 0 | I99: =+I100 -> -699346150 | J99: =+J100 -> 1300653850 | K99: =+K100 -> 831411912 | L99: =+L100 -> 831411912 | M99: =+L99/J99 -> 0.63922612 | N99: =+N100 -> 831411912 | O99: =+N99/J99 -> 0.63922612 | P99: =+P100 -> 606444633 | Q99: =+Q100 -> 224967279 | R99: =+R100 -> 0 | S99: =+S100 -> 469241938 | T99: =+T100 -> 0 | U99: =+J99-K99-S99 -> 0
B100: 2.1.7.01 | C100: Cesantías retroactivas | D100: =+D101 -> 2000000000 | E100: =+E101 -> 0 | F100: =+F101 -> 0 | G100: =+G101 -> 699346150 | H100: =+H101 -> 0 | I100: =+I101 -> -699346150 | J100: =+J101 -> 1300653850 | K100: =+K101 -> 831411912 | L100: =+L101 -> 831411912 | M100: =+L100/J100 -> 0.63922612 | N100: =+N101 -> 831411912 | O100: =+N100/J100 -> 0.63922612 | P100: =+P101 -> 606444633 | Q100: =+Q101 -> 224967279 | R100: =+R101 -> 0 | S100: =+S101 -> 469241938 | T100: =+T101 -> 0 | U100: =+J100-K100-S100 -> 0
B101: 2.1.7.01.02 | C101: Cesantías parciales -Antic | D101: 2000000000 | G101: 699346150 | I101: =+E101-F101-G101+H101 -> -699346150 | J101: =+D101+E101-G101+H101 -> 1300653850 | K101: =+L101 -> 831411912 | L101: =+N101 -> 831411912 | M101: =+L101/J101 -> 0.63922612 | N101: =+P101+Q101 -> 831411912 | O101: =+N101/J101 -> 0.63922612 | P101: 606444633 | Q101: 224967279 | S101: 469241938 | U101: =+J101-K101-S101 -> 0
B102: 2.1.8 | C102: Gastos por tributos multa | D102: =+D103+D108+D111 -> 1608810261 | E102: =+E103+E108+E111 -> 0 | F102: =+F103+F108+F111 -> 0 | G102: =+G103+G108+G111 -> 229032493 | H102: =+H103+H108+H111 -> 1193696263 | I102: =+I103+I108+I111 -> 964663770 | J102: =+J103+J108+J111 -> 2573474031 | K102: =+K103+K108+K111 -> 2369383175 | L102: =+L103+L108+L111 -> 2369383175 | M102: =+L102/J102 -> 0.92069442 | N102: =+N103+N108+N111 -> 2369383175 | O102: =+N102/J102 -> 0.92069442 | P102: =+P103+P108+P111 -> 2311423707 | Q102: =+Q103+Q108+Q111 -> 57959468 | R102: =+R103+R108+R111 -> 0 | S102: =+S103+S108+S111 -> 204090856 | T102: =+T103+T108+T111 -> 0 | U102: =+J102-K102-S102 -> 0
...

Sheet Equilibrio
C1: Diciembre 2023 | D1: Diciembre 2022 | F1: Variación
B3: Detalle | C3: 2023 | D3: 2022
B4: (+) Ingresos Recaudados | C4: =+'Ing-Diciembre'!L11 -> 4.2062407e+11 | D4: 4.3053835e+11 | F4: =+C4-D4 -> -9.9142826e+09 | G4: =+F4/D4 -> -0.023027641
B5: ( / ) Gastos Ejecutados (Pagos + Obligaciones) | C5: =+'Gtos-Diciembre'!L9 -> 471984823662 | D5: 423577832951 | F5: =+C5-D5 -> 48406990711 | G5: =+F5/D5 -> 0.11428122
B6: (=) Indicador de Equilibrio Presupuestal | C6: =+C4/C5 -> 0.89118135 | D6: =+D4/D5 -> 1.0164327 | E6: =+E4/E5 -> #DIV/0! | F6: =+F4/F5 -> -0.20481097
B8: Equilibrio Presupuestal - Recaudo | C8: =+C4-C5 -> -5.1360753e+10 | D8: =+D4-D5 -> 6.96052e+09 | E8: =+E4-E5 -> 0 | F8: =+F4-F5 -> -5.8321273e+10
B12: Detalle | C12: 2023 | D12: 2022
B13: (+) Ingresos Reconocido | C13: =+'Ing-Diciembre'!O11 -> 4.7396889e+11 | D13: 4.7107423e+11 | F13: =+C13-D13 -> 2.8946535e+09 | G13: =+F13/D13 -> 0.0061447927
B14: ( / ) Gastos Ejecutados (Compromisos) | C14: =+'Gtos-Diciembre'!L9 -> 471984823662 | D14: 423577832951 | F14: =+C14-D14 -> 48406990711 | G14: =+F14/D14 -> 0.11428122
B15: (=) Indicador de Equilibrio Presupuestal-Reconocido | C15: =+C13/C14 -> 1.0042037 | D15: =+D13/D14 -> 1.1121315 | E15: =+E13/E14 -> #DIV/0! | F15: =+F13/F14 -> 0.059798254
C17: =+C13-C14 -> 1.9840617e+09 | D17: =+D13-D14 -> 4.7496399e+10 | E17: =+E13-E14 -> 0 | F17: =+F13-F14 -> -4.5512337e+10
C21: 2023 | D21: 2022
B22: Ingresos recaudados a 31 de Diciembre de 2023 | C22: =+'Ing-Diciembre'!L11 -> 4.2062407e+11 | D22: 4.3053835e+11 | F22: =+C22-D22 -> -9.9142826e+09 | G22: =+F22/D22 -> -0.023027641
B23: Pagos realizados a 31 de Diciembre de 2023 | C23: =+'Gtos-Diciembre'!P9 -> 388861378050 | D23: 383772847589 | F23: =+C23-D23 -> 5088530461 | G23: =+F23/D23 -> 0.013259225
B24: PAC mes de Diciembre | C24: =+C22-C23 -> 3.1762692e+10 | D24: =+D22-D23 -> 4.6765505e+10 | E24: =+E22-E23 -> 0 | F24: =+F22-F23 -> -1.5002813e+10 | G24: =+F24/D24 -> -0.32080939
B25: % Ejecución PAC mes de Diciembre | C25: =+C22/C23 -> 1.0816813 | D25: =+D22/D23 -> 1.1218573 | E25: =+E22/E23 -> #DIV/0! | F25: =+F22/F23 -> -1.9483587

Sheet Transferencias
B2: Vigencia | C2: Valor convenio | D2: Convenio | E2: Recaudo
B4: 2023 | C4: 50000000 | D4: Desempeño CISAMF - 4600096023-Adición 1 | E4: 50000000
C5: 25000000 | D5: Desempeño CISAMF - 4600096023-Adición 1 | E5: 25000000
C6: 25000000 | D6: Desempeño CISAMF - 4600096023-Adición 1 | E6: 25000000
C7: 25000000 | D7: Desempeño CISAMF - 4600096023-Adición 1 | E7: 25000000
C8: 217070994 | D8: Desempeño CISAMF - 4600096023-Adición 1 | E8: 217070994
C9: 3500000000 | D9: Desempeño - 4600098295 | E9: 3500000000
C10: 1750000000 | D10: Desempeño - 4600098295-Adición 1 | E10: 1750000000
C11: 5000000000 | D11: Desempeño - 4600098697 | E11: 5000000000
C12: 1750000000 | D12: Desempeño - 4600098697-Adición 1 | E12: 1750000000
C13: 326693092 | D13: Desempeño RIAS - 4600094671-Adición-1 | E13: 326693092
C14: 257863080 | D14: Desempeño RIAS - 4600094671-Adición-1 | E14: 257863080
C15: 173105560 | D15: Desempeño RIAS - 4600094671-Adición-1 | E15: 173105560
C16: 8379155614 | D16: Mantenimiento de la infraestructura 4600096224 | E16: 8379155614
C17: =SUM(C4:C16) -> 21478888340 | D17: Recaudos | E17: =SUM(E4:E16) -> 21478888340 | F17: Ok
B18: 2022 | C18: 3311500682 | D18: 4600096090-2022-Dotación buenos aires | E18: 3311500682
C19: 9041154927 | D19: 4600096090-2022-Dotación buenos aires | E19: 9041154927
C20: 250000000 | D20: 4600096023-2022-CISAM | E20: 250000000
C21: 1114494032 | D21: 4600094671-2022-Fortalecimiento compartido 4 componentes | E21: 1114494032
C22: 6075180540 | D22: 4600094671-2022-Fortalecimiento compartido 4 componentes | E22: 6075180540 | F22: Materno perinatal | G22: 1172870773
C23: 340000000 | D23: 4600094671-2022-Fortalecimiento compartido 4 componentes | E23: 340000000 | F23: Salud mental | G23: 852309767
C24: 340000000 | D24: 4600094671-2022-Fortalecimiento compartido 4 componentes | E24: 340000000 | F24: RIAS-Adicion -1 | G24: 1086235081
C25: 340000000 | D25: 4600094671-2022-Fortalecimiento compartido 4 componentes | E25: 340000000 | F25: Salud mental -Adición 1 | G25: 170000000
C26: 6000000000 | D26: 4600094671-2022-Fortalecimiento compartido 4 componentes | E26: 6000000000 | F26: Apoyo financiero | G26: 11750000000
C27: 3250000000 | D27: 4600091350-2021 Adicion 2-Fortalecimiento gestion financiera | E27: 3250000000
C28: 8097487346 | D28: 4600096204-2022-Desempeño gestion financiera | E28: 8097487346
C29: =SUM(C18:C34) -> 38228278644 | D29: Recaudos | E29: =SUM(E18:E34) -> 38228278644 | F29: Ok
B30: 2021 | C30: =+E30 -> 5000000000 | D30: Convenio desempeño 4600090070-2021 | E30: 5000000000
C31: =+E31 -> 2500000000 | D31: Convenio desempeño 4600090070-2021 Adición | E31: 2500000000
C32: =+E32 -> 8500000000 | D32: Convenio desempeño 4600091350-2021 | E32: 8500000000
C33: 3000000000 | D33: Convenio desempeño 4600091920-2021 | E33: 3000000000
C34: 68461117 | D34: Asignación y transferencia de recursos para la implementación del Programa de Atención Psicosocial y Salud Integral a las Víctimas “PAPSIVI” de acuerdo a la Resolución 1739 de 2022 | E34: 67141648
C35: =SUM(C30:C33) -> 19000000000 | D35: Recaudos | E35: =SUM(E30:E34) -> 19067141648 | F35: Ok
B36: 2020 | C36: 7000000000 | D36: Convenio de desempeño 4600085245 | E36: 7000000000
C37: 3726901040 | D37: Convenio de desempeño 4600085534 | E37: 3726901040
C38: 3500000000 | D38: Convenio de desempeño 4600085534 - Adición 1 | E38: 3500000000
C39: 4264292000 | D39: Ministerio de Salud y protección Social - Resolución 753 del 14 de mayo de 2020 | E39: 4264292000
C40: 4712133000 | D40: Ministerio de Salud y protección Social - Resolución 0002017 del 09 de noviembre de 2020 | E40: 4712133000
C41: 2642249410 | D41: Convenio DSSSA - 4600010519 realizar el apoyo a la Vigilancia Epidemiologica para la emergencia en salud pública de interés internacional | E41: 1056899764
C42: =SUM(C36:C41) -> 25845575450 | D42: Recaudos | E42: =SUM(E36:E41) -> 24260225804 | F42: Ok
B43: 2019 | C43: 2669856817 | D43: Convenio desempeño 4600081890-2019 | E43: 2669856817
C44: 540000000 | D44: Convenio desempeño 4600084077-2019 | E44: 540000000
C45: 1330000000 | D45: Convenio desempeño 4600081890-2019 | E45: 1330000000
C46: 3000000000 | D46: Convenio desempeño 4600084115-2019 | E46: 3000000000
C47: 5791012191 | D47: Convenio desempeño 4600084117-2019 | E47: 5791012191
C48: 750000000 | D48: Fortalecimiento Red - Dotación | E48: 750000000
C49: =SUM(C43:C48) -> 14080869008 | E49: =SUM(E43:E48) -> 14080869008 | F49: Ok
